Workbook

Sheet SI Table 1 Cause of Death Distr
A1: icd_class | B1: icd10 | C1: text | D1: nevent_ppp | E1: nevent_ukbb_first | F1: ndeath_primary_events | G1: ndeath_events | H1: icd_category | I1: phecode | J1: death_fraction | K1: lethality (death_frac_diagnosis)
A2: C | B2: C34 | C2: Malignant neoplasm of bronchus and lung | D2: 592 | E2: 5070 | F2: 3243 | G2: 3488 | H2: neoplasms | I2: 165.1 | J2: 0.085565025 | K2: 0.10998644
A3: I | B3: I25 | C3: Chronic ischaemic heart disease | D3: 5786 | E3: 49234 | F3: 2392 | G3: 5454 | H3: circulatory system | I3: 411.8 | J3: 0.063111791 | K3: 0.035115506
A4: I | B4: I21 | C4: Acute myocardial infarction | D4: 2677 | E4: 22486 | F4: 1623 | G4: 1924 | H4: circulatory system | I4: 411.2 | J4: 0.042822089 | K4: 0.012387648
A5: C | B5: C50 | C5: Malignant neoplasm of breast | D5: 1927 | E5: 18890 | F5: 1473 | G5: 1653 | H5: neoplasms | I5: 174.11 | J5: 0.03886441 | K5: 0.052123735
A6: C | B6: C25 | C6: Malignant neoplasm of pancreas | D6: 159 | E6: 1557 | F6: 1401 | G6: 1456 | H6: neoplasms | I6: 157 | J6: 0.036964724 | K6: 0.045911771
A7: U | B7: U07 | C7: Coronavirus infection emergency | D7: 134 | E7: 1057 | F7: 1158 | G7: 1306 | H7: infectious diseases | J7: 0.030553284 | K7: 0.68881857
A8: C | B8: C61 | C8: Malignant neoplasm of prostate | D8: 1494 | E8: 13809 | F8: 1101 | G8: 1402 | H8: neoplasms | I8: 185 | J8: 0.029049365 | K8: 0.044208999
A9: C | B9: C18 | C9: Malignant neoplasm of colon | D9: 648 | E9: 6195 | F9: 1022 | G9: 1085 | H9: neoplasms | I9: 153.2 | J9: 0.026964988 | K9: 0.034213099
A10: J | B10: J44 | C10: Other chronic obstructive pulmonary disease | D10: 2727 | E10: 21850 | F10: 992 | G10: 2593 | H10: respiratory | I10: 496.21 | J10: 0.026173452 | K10: 0.036101133
A11: C | B11: C15 | C11: Malignant neoplasm of oesophagus | D11: 178 | E11: 1547 | F11: 902 | G11: 961 | H11: neoplasms | I11: 150 | J11: 0.023798844 | K11: 0.03030303
A12: C | B12: C80 | C12: Malignant neoplasm, without specification of site | D12: 291 | E12: 2670 | F12: 860 | G12: 1572 | H12: neoplasms | I12: 195.1 | J12: 0.022690694 | K12: 0.049569577
A13: C | B13: C71 | C13: Malignant neoplasm of brain | D13: 114 | E13: 1045 | F13: 842 | G13: 874 | H13: neoplasms | I13: 191.11 | J13: 0.022215773 | K13: 0.027559676
A14: C | B14: C56 | C14: Malignant neoplasm of ovary | D14: 213 | E14: 2012 | F14: 668 | G14: 694 | H14: neoplasms | I14: 184.11 | J14: 0.017624865 | K14: 0.02188377
A15: C | B15: C22 | C15: Malignant neoplasm of liver and intrahepatic bile ducts | D15: 108 | E15: 954 | F15: 648 | G15: 698 | H15: neoplasms | I15: 155 | J15: 0.017097174 | K15: 0.022009901
A16: J | B16: J84 | C16: Other interstitial pulmonary diseases | D16: 724 | E16: 3696 | F16: 626 | G16: 1003 | H16: respiratory | J16: 0.016516715 | K16: 0.013964303
A17: G | B17: G30 | C17: Alzheimer disease | D17: 544 | E17: 2802 | F17: 585 | G17: 860 | H17: neurological | I17: 290.11 | J17: 0.015434949 | K17: 0.033249565
A18: J | B18: J18 | C18: Pneumonia, organism unspecified | D18: 4294 | E18: 33914 | F18: 553 | G18: 4694 | H18: respiratory | I18: 480 | J18: 0.014590644 | K18: 0.065352379
A19: F | B19: F03 | C19: Unspecified dementia | D19: 645 | E19: 3535 | F19: 546 | G19: 1064 | H19: mental disorders | I19: 290.1 | J19: 0.014405952 | K19: 0.018214812
A20: C | B20: C64 | C20: Malignant neoplasm of kidney, except renal pelvis | D20: 249 | E20: 2219 | F20: 513 | G20: 597 | H20: neoplasms | I20: 189.11 | J20: 0.013535263 | K20: 0.018825088
A21: I | B21: I64 | C21: Stroke, not specified as haemorrhage or infarction | D21: 1143 | E21: 9439 | F21: 480 | G21: 1134 | H21: circulatory system | I21: 433.21 | J21: 0.012664573 | K21: 0.0073012439
A22: C | B22: C16 | C22: Malignant neoplasm of stomach | D22: 141 | E22: 1250 | F22: 460 | G22: 488 | H22: neoplasms | I22: 151 | J22: 0.012136883 | K22: 0.015388011
A23: G | B23: G20 | C23: Parkinson disease | D23: 870 | E23: 3602 | F23: 435 | G23: 836 | H23: neurological | I23: 332 | J23: 0.01147727 | K23: 0.03232167
A24: C | B24: C67 | C24: Malignant neoplasm of bladder | D24: 438 | E24: 4005 | F24: 429 | G24: 531 | H24: neoplasms | I24: 189.21 | J24: 0.011318963 | K24: 0.016743922
A25: C | B25: C92 | C25: Myeloid leukaemia | D25: 105 | E25: 935 | F25: 419 | G25: 482 | H25: neoplasms | I25: 204.2 | J25: 0.011055117 | K25: 0.015198814
A26: C | B26: C19 | C26: Malignant neoplasm of rectosigmoid junction | D26: 143 | E26: 1514 | F26: 415 | G26: 446 | H26: neoplasms | I26: 153.3 | J26: 0.010949579 | K26: 0.014063633
A27: I | B27: I61 | C27: Intracerebral haemorrhage | D27: 244 | E27: 2089 | F27: 408 | G27: 574 | H27: circulatory system | I27: 430.2 | J27: 0.010764887 | K27: 0.0036956914
A28: G | B28: G12 | C28: Spinal muscular atrophy and related syndromes | D28: 361 | E28: 693 | F28: 404 | G28: 431 | H28: neurological | J28: 0.010659349 | K28: 0.016663445
A29: C | B29: C90 | C29: Multiple myeloma and malignant plasma cell neoplasms | D29: 177 | E29: 1312 | F29: 404 | G29: 494 | H29: neoplasms | J29: 0.010659349 | K29: 0.015577208
A30: C | B30: C45 | C30: Mesothelioma | D30: 54 | E30: 469 | F30: 388 | G30: 398 | H30: neoplasms | I30: 195.1 | J30: 0.010237197 | K30: 0.012550058
A31: C | B31: C20 | C31: Malignant neoplasm of rectum | D31: 303 | E31: 2947 | F31: 369 | G31: 414 | H31: neoplasms | I31: 153.3 | J31: 0.0097358909 | K31: 0.013054583
A32: C | B32: C43 | C32: Malignant melanoma of skin | D32: 567 | E32: 5160 | F32: 362 | G32: 395 | H32: neoplasms | I32: 172.11 | J32: 0.0095511992 | K32: 0.01245546
A33: I | B33: I71 | C33: Aortic aneurysm and dissection | D33: 529 | E33: 4286 | F33: 355 | G33: 436 | H33: circulatory system | J33: 0.0093665075 | K33: 0.0028071802
A34: C | B34: C85 | C34: Other and unspecified types of non-Hodgkin lymphoma | D34: 257 | E34: 2293 | F34: 345 | G34: 446 | H34: neoplasms | I34: 202.2 | J34: 0.0091026622 | K34: 0.014063633
A35: K | B35: K70 | C35: Alcoholic liver disease | D35: 235 | E35: 2114 | F35: 317 | G35: 432 | H35: digestive | I35: 317.11 | J35: 0.0083638954 | K35: 0.0058683692
A36: C | B36: C26 | C36: Malignant neoplasm of other and ill-defined digestive organs | D36: 29 | E36: 348 | F36: 296 | G36: 332 | H36: neoplasms | J36: 0.0078098203 | K36: 0.010468893
A37: I | B37: I60 | C37: Subarachnoid haemorrhage | D37: 211 | E37: 1883 | F37: 251 | G37: 279 | H37: circulatory system | I37: 430.1 | J37: 0.0066225166 | K37: 0.0017963378
A38: F | B38: F01 | C38: Vascular dementia | D38: 227 | E38: 1530 | F38: 244 | G38: 461 | H38: mental disorders | I38: 290.16 | J38: 0.0064378249 | K38: 0.0078919437
A39: C | B39: C54 | C39: Malignant neoplasm of corpus uteri | D39: 280 | E39: 2563 | F39: 230 | G39: 253 | H39: neoplasms | I39: 182 | J39: 0.0060684415 | K39: 0.0079778009
A40: G | B40: G31 | C40: Other degenerative diseases of nervous system, not elsewhere classified | D40: 461 | E40: 2553 | F40: 221 | G40: 351 | H40: neurological | J40: 0.0058309807 | K40: 0.013570462
A41: I | B41: I80 | C41: Phlebitis and thrombophlebitis | D41: 2109 | E41: 18641 | F41: 206 | G41: 406 | H41: circulatory system | I41: 451 | J41: 0.0054352128 | K41: 0.0026140256
A42: C | B42: C83 | C42: Non-follicular lymphoma | D42: 206 | E42: 1965 | F42: 200 | G42: 240 | H42: neoplasms | I42: 202.2 | J42: 0.0052769056 | K42: 0.0075678744
A43: I | B43: I11 | C43: Hypertensive heart disease | D43: 112 | E43: 872 | F43: 193 | G43: 553 | H43: circulatory system | I43: 401.21 | J43: 0.0050922139 | K43: 0.0035604831
A44: I | B44: I63 | C44: Cerebral infarction | D44: 1036 | E44: 8813 | F44: 180 | G44: 348 | H44: circulatory system | I44: 433.2 | J44: 0.0047492151 | K44: 0.0022405934
A45: I | B45: I42 | C45: Cardiomyopathy | D45: 449 | E45: 3326 | F45: 178 | G45: 316 | H45: circulatory system | I45: 425.1 | J45: 0.004696446 | K45: 0.0020345618
A46: W | B46: W19 | C46: Unspecified fall | D46: 1511 | E46: 11890 | F46: 175 | G46: 231 | H46: symptoms | I46: 781 | J46: 0.0046172924 | K46: 0.018898797
A47: I | B47: I26 | C47: Pulmonary embolism | D47: 1360 | E47: 11259 | F47: 167 | G47: 1223 | H47: circulatory system | I47: 415.11 | J47: 0.0044062162 | K47: 0.0078742692
A48: K | B48: K55 | C48: Vascular disorders of intestine | D48: 343 | E48: 2954 | F48: 161 | G48: 310 | H48: digestive | I48: 441 | J48: 0.004247909 | K48: 0.0042110983
A49: I | B49: I35 | C49: Nonrheumatic aortic valve disorders | D49: 880 | E49: 7442 | F49: 159 | G49: 457 | H49: circulatory system | I49: 395.2 | J49: 0.00419514 | K49: 0.0029423884
A50: I | B50: I62 | C50: Other nontraumatic intracranial haemorrhage | D50: 136 | E50: 1120 | F50: 152 | G50: 251 | H50: circulatory system | J50: 0.0040104483 | K50: 0.0016160602
A51: I | B51: I48 | C51: Atrial fibrillation and flutter | D51: 4257 | E51: 35250 | F51: 151 | G51: 1434 | H51: circulatory system | I51: 427.2 | J51: 0.0039840637 | K51: 0.0092327899
A52: X | B52: X70 | C52: Intentional self-harm by hanging, strangulation and suffocation | D52: 1 | E52: 39 | F52: 147 | G52: 147 | H52: injuries & poisonings | J52: 0.0038785256 | K52: 0.024281467
A53: C | B53: C49 | C53: Malignant neoplasm of other connective and soft tissue | D53: 86 | E53: 671 | F53: 145 | G53: 155 | H53: neoplasms | I53: 170.2 | J53: 0.0038257566 | K53: 0.0048875855
A54: I | B54: I50 | C54: Heart failure | D54: 2286 | E54: 16453 | F54: 140 | G54: 2280 | H54: circulatory system | I54: 428.2 | J54: 0.0036938339 | K54: 0.01467975
A55: R | B55: R99 | C55: Other ill-defined and unspecified causes of mortality | D55: 1 | E55: 9 | F55: 140 | G55: 163 | J55: 0.0036938339 | K55: 0.0031221867
A56: E | B56: E11 | C56: Non-insulin-dependent diabetes mellitus | D56: 4750 | E56: 41828 | F56: 138 | G56: 1781 | H56: endocrine/metabolic | I56: 250.2 | J56: 0.0036410649 | K56: 0.015183032
A57: C | B57: C91 | C57: Lymphoid leukaemia | D57: 137 | E57: 1380 | F57: 136 | G57: 219 | H57: neoplasms | I57: 204.1 | J57: 0.0035882958 | K57: 0.0069056854
A58: K | B58: K74 | C58: Fibrosis and cirrhosis of liver | D58: 316 | E58: 2577 | F58: 134 | G58: 456 | H58: digestive | J58: 0.0035355268 | K58: 0.0061943897
A59: N | B59: N39 | C59: Other disorders of urinary system | D59: 6181 | E59: 52890 | F59: 123 | G59: 444 | H59: genitourinary | J59: 0.003245297 | K59: 0.0083947816
A60: G | B60: G35 | C60: Multiple sclerosis | D60: 483 | E60: 2498 | F60: 122 | G60: 199 | H60: neurological | I60: 335 | J60: 0.0032189124 | K60: 0.0076937947
A61: J | B61: J47 | C61: Bronchiectasis | D61: 743 | E61: 6006 | F61: 119 | G61: 350 | H61: respiratory | I61: 496.3 | J61: 0.0031397588 | K61: 0.0048728873
A62: I | B62: I67 | C62: Other cerebrovascular diseases | D62: 1202 | E62: 9167 | F62: 111 | G62: 449 | H62: circulatory system | I62: 433.3 | J62: 0.0029286826 | K62: 0.0028908805
A63: G | B63: G23 | C63: Other degenerative diseases of basal ganglia | D63: 54 | E63: 296 | F63: 111 | G63: 126 | H63: neurological | I63: 333.8 | J63: 0.0029286826 | K63: 0.0048714479
A64: E | B64: E14 | C64: Unspecified diabetes mellitus | D64: 2961 | E64: 25247 | F64: 109 | G64: 1039 | H64: endocrine/metabolic | I64: NA | J64: 0.0028759136 | K64: 0.008857479
A65: C | B65: C48 | C65: Malignant neoplasm of retroperitoneum and peritoneum | D65: 46 | E65: 413 | F65: 103 | G65: 111 | H65: neoplasms | I65: 159.4 | J65: 0.0027176064 | K65: 0.0035001419
A66: I | B66: I51 | C66: Complications and ill-defined descriptions of heart disease | D66: 2050 | E66: 15885 | F66: 100 | G66: 696 | H66: circulatory system | J66: 0.0026384528 | K66: 0.0044811867
A67: A | B67: A41 | C67: Other sepsis | D67: 1812 | E67: 14455 | F67: 95 | G67: 1254 | H67: infectious diseases | J67: 0.0025065302 | K67: 0.055130572
A68: K | B68: K56 | C68: Paralytic ileus and intestinal obstruction without hernia | D68: 1119 | E68: 9550 | F68: 88 | G68: 315 | H68: digestive | J68: 0.0023218385 | K68: 0.0042790192
A69: K | B69: K85 | C69: Acute pancreatitis | D69: 561 | E69: 4457 | F69: 88 | G69: 137 | H69: digestive | I69: 577.1 | J69: 0.0023218385 | K69: 0.0018610338
A70: C | B70: C23 | C70: Malignant neoplasm of gallbladder | D70: 21 | E70: 168 | F70: 87 | G70: 91 | H70: neoplasms | I70: 159.3 | J70: 0.0022954539 | K70: 0.0028694857
A71: K | B71: K57 | C71: Diverticular disease of intestine | D71: 7199 | E71: 64250 | F71: 80 | G71: 136 | H71: digestive | I71: 562.1 | J71: 0.0021107622 | K71: 0.0018474496
A72: E | B72: E85 | C72: Amyloidosis | D72: 57 | E72: 434 | F72: 80 | G72: 131 | H72: endocrine/metabolic | I72: 270.33 | J72: 0.0021107622 | K72: 0.0011167755
A73: D | B73: D46 | C73: Myelodysplastic syndromes | D73: 90 | E73: 693 | F73: 77 | G73: 172 | H73: neoplasms | I73: 200 | J73: 0.0020316087 | K73: 0.0045381388
A74: C | B74: C55 | C74: Malignant neoplasm of uterus, part unspecified | D74: 18 | E74: 268 | F74: 73 | G74: 79 | H74: neoplasms | I74: 182 | J74: 0.0019260706 | K74: 0.002491092
A75: C | B75: C17 | C75: Malignant neoplasm of small intestine | D75: 58 | E75: 425 | F75: 71 | G75: 81 | H75: neoplasms | I75: 159.2 | J75: 0.0018733015 | K75: 0.0025541576
A76: C | B76: C84 | C76: Mature T/NK-cell lymphomas | D76: 43 | E76: 317 | F76: 70 | G76: 78 | H76: neoplasms | I76: 202.2 | J76: 0.001846917 | K76: 0.0024595592
A77: Y | B77: Y83 | C77: Surgical operation and other surgical procedures as the cause of abnormal reaction of the patient, or of later complication, without mention of misadventure at the time of the procedure | D77: 3576 | E77: 32083 | F77: 68 | G77: 1190 | H77: injuries & poisonings | I77: 851 | J77: 0.0017941479 | K77: 0.037091294
A78: X | B78: X59 | C78: Exposure to unspecified factor | D78: 727 | E78: 6054 | F78: 68 | G78: 166 | H78: injuries & poisonings | J78: 0.0017941479 | K78: 0.027419888
A79: J | B79: J22 | C79: Unspecified acute lower respiratory infection | D79: 7745 | E79: 63892 | F79: 64 | G79: 615 | H79: respiratory | I79: 519.8 | J79: 0.0016886098 | K79: 0.008562359
A80: K | B80: K76 | C80: Other diseases of liver | D80: 1464 | E80: 13374 | F80: 62 | G80: 271 | H80: digestive | I80: 573 | J80: 0.0016358407 | K80: 0.0036813149
A81: I | B81: I73 | C81: Other peripheral vascular diseases | D81: 1701 | E81: 13068 | F81: 60 | G81: 435 | H81: circulatory system | I81: 443.8 | J81: 0.0015830717 | K81: 0.0028007417
A82: I | B82: I73 | C82: Other peripheral vascular diseases | D82: 1701 | E82: 13068 | F82: 60 | G82: 435 | H82: circulatory system | I82: NA | J82: 0.0015830717 | K82: 0.0028007417
A83: W | B83: W10 | C83: Fall on and from stairs and steps | D83: 645 | E83: 5689 | F83: 58 | G83: 61 | H83: symptoms | J83: 0.0015303026 | K83: 0.0049905915
A84: C | B84: C32 | C84: Malignant neoplasm of larynx | D84: 61 | E84: 441 | F84: 57 | G84: 85 | H84: neoplasms | I84: 149.4 | J84: 0.0015039181 | K84: 0.0026802888
A85: C | B85: C02 | C85: Malignant neoplasm of other and unspecified parts of tongue | D85: 42 | E85: 420 | F85: 57 | G85: 75 | H85: neoplasms | I85: 145.2 | J85: 0.0015039181 | K85: 0.0023649607
A86: C | B86: C44 | C86: Other malignant neoplasms of skin | D86: 3459 | E86: 31713 | F86: 56 | G86: 74 | H86: neoplasms | J86: 0.0014775336 | K86: 0.0023334279
A87: J | B87: J43 | C87: Emphysema | D87: 635 | E87: 4858 | F87: 56 | G87: 188 | H87: respiratory | I87: 496.1 | J87: 0.0014775336 | K87: 0.0026174366
A88: C | B88: C24 | C88: Malignant neoplasm of other and unspecified parts of biliary tract | D88: 43 | E88: 357 | F88: 56 | G88: 59 | H88: neoplasms | I88: 159.3 | J88: 0.0014775336 | K88: 0.0018604358
A89: C | B89: C57 | C89: Malignant neoplasm of other and unspecified female genital organs | D89: 28 | E89: 247 | F89: 55 | G89: 56 | H89: neoplasms | I89: 184.1 | J89: 0.001451149 | K89: 0.0017658374
A90: I | B90: I38 | C90: Endocarditis, valve unspecified | D90: 142 | E90: 1035 | F90: 53 | G90: 169 | H90: circulatory system | I90: 420.3 | J90: 0.00139838 | K90: 0.0010881043
A91: D | B91: D47 | C91: Other neoplasms of uncertain or unknown behaviour of lymphoid, haematopoietic and related tissue | D91: 231 | E91: 1881 | F91: 53 | G91: 117 | H91: neoplasms | J91: 0.00139838 | K91: 0.0030869898
A92: K | B92: K83 | C92: Other diseases of biliary tract | D92: 597 | E92: 5050 | F92: 51 | G92: 179 | H92: digestive | I92: 575.8 | J92: 0.0013456109 | K92: 0.0024315697
A93: C | B93: C21 | C93: Malignant neoplasm of anus and anal canal | D93: 39 | E93: 385 | F93: 51 | G93: 57 | H93: neoplasms | J93: 0.0013456109 | K93: 0.0017973702
A94: J | B94: J45 | C94: Asthma | D94: 7843 | E94: 71826 | F94: 49 | G94: 246 | H94: respiratory | I94: 495 | J94: 0.0012928419 | K94: 0.0034249436
A95: N | B95: N18 | C95: Chronic kidney disease | D95: 3498 | E95: 25335 | F95: 48 | G95: 1367 | H95: genitourinary | I95: 585.3 | J95: 0.0012664573 | K95: 0.025846096
A96: K | B96: K26 | C96: Duodenal ulcer | D96: 1066 | E96: 9611 | F96: 48 | G96: 78 | H96: digestive | I96: 531.3 | J96: 0.0012664573 | K96: 0.0010595667
A97: K | B97: K26 | C97: Duodenal ulcer | D97: 1066 | E97: 9611 | F97: 48 | G97: 78 | H97: digestive | I97: 531 | J97: 0.0012664573 | K97: 0.0010595667
A98: M | B98: M06 | C98: Other rheumatoid arthritis | D98: 1423 | E98: 12064 | F98: 47 | G98: 239 | H98: musculoskeletal | J98: 0.0012400728 | K98: 0.0026327965
A99: K | B99: K92 | C99: Other diseases of digestive system | D99: 2707 | E99: 22948 | F99: 46 | G99: 409 | H99: digestive | J99: 0.0012136883 | K99: 0.0055559329
A100: C | B100: C10 | C100: Malignant neoplasm of oropharynx | D100: 15 | E100: 133 | F100: 45 | G100: 50 | H100: neoplasms | I100: 149.1 | J100: 0.0011873038 | K100: 0.0015766405
...

Sheet SI Table2  Univarate Associatio
A1: Biomarker | B1: CoxPH effect size | C1: std error | D1: -log(p) | E1: Cindex | F1: Gene | G1: Set
A2: OID20251 | B2: 0.45576543 | C2: 0.010360219 | D2: 292.14612 | E2: 0.78168348 | F2: =VLOOKUP(A2,'SI Table 10 Olink Assays'!A199:D3140,2) -> GDF15 | G2: Plasma Proteome
A3: OID21451 | B3: 0.41296983 | C3: 0.010733073 | D3: 292.14612 | E3: 0.77619956 | F3: =VLOOKUP(A3,'SI Table 10 Olink Assays'!A1376:D4317,2) -> EDA2R | G3: Plasma Proteome
A4: OID21505 | B4: 0.40206724 | C4: 0.010559032 | D4: 292.14612 | E4: 0.77638525 | F4: =VLOOKUP(A4,'SI Table 10 Olink Assays'!A1430:D4371,2) -> WFDC2 | G4: Plasma Proteome
A5: OID20764 | B5: 0.44547924 | C5: 0.012664816 | D5: 270.3099 | E5: 0.77575063 | F5: =VLOOKUP(A5,'SI Table 10 Olink Assays'!A705:D3646,2) -> PLAUR | G5: Plasma Proteome
A6: OID21158 | B6: 0.32332347 | C6: 0.0099097781 | D6: 232.76577 | E6: 0.77055926 | F6: =VLOOKUP(A6,'SI Table 10 Olink Assays'!A1090:D4031,2) -> IGFBP4 | G6: Plasma Proteome
A7: OID21357 | B7: 0.38182312 | C7: 0.011748209 | D7: 230.97973 | E7: 0.77401176 | F7: =VLOOKUP(A7,'SI Table 10 Olink Assays'!A1284:D4225,2) -> AREG | G7: Plasma Proteome
A8: OID21155 | B8: 0.30108963 | C8: 0.0095404823 | D8: 217.87209 | E8: 0.76971733 | F8: =VLOOKUP(A8,'SI Table 10 Olink Assays'!A1087:D4028,2) -> TNFRSF1A | G8: Plasma Proteome
A9: OID20254 | B9: 0.43438984 | C9: 0.013767227 | D9: 217.78011 | E9: 0.76934949 | F9: =VLOOKUP(A9,'SI Table 10 Olink Assays'!A202:D3143,2) -> LTBP2 | G9: Plasma Proteome
A10: OID20967 | B10: 0.29521358 | C10: 0.0094608902 | D10: 213.02095 | E10: 0.76918275 | F10: =VLOOKUP(A10,'SI Table 10 Olink Assays'!A902:D3843,2) -> TNFRSF10A | G10: Plasma Proteome
A11: OID20871 | B11: 0.36499227 | C11: 0.01203774 | D11: 201.21301 | E11: 0.77117869 | F11: =VLOOKUP(A11,'SI Table 10 Olink Assays'!A810:D3751,2) -> NEFL | G11: Plasma Proteome
A12: OID20981 | B12: 0.1876525 | C12: 0.0062452052 | D12: 197.62758 | E12: 0.76705369 | F12: =VLOOKUP(A12,'SI Table 10 Olink Assays'!A916:D3857,2) -> TNFRSF10B | G12: Plasma Proteome
A13: OID20292 | B13: 0.33055896 | C13: 0.011083812 | D13: 194.71386 | E13: 0.76957541 | F13: =VLOOKUP(A13,'SI Table 10 Olink Assays'!A240:D3181,2) -> COL6A3 | G13: Plasma Proteome
A14: OID21463 | B14: 0.36226069 | C14: 0.012312341 | D14: 189.54889 | E14: 0.76920241 | F14: =VLOOKUP(A14,'SI Table 10 Olink Assays'!A1388:D4329,2) -> ANGPT2 | G14: Plasma Proteome
A15: OID20935 | B15: 0.26967263 | C15: 0.0092456058 | D15: 186.30193 | E15: 0.76644247 | F15: =VLOOKUP(A15,'SI Table 10 Olink Assays'!A871:D3812,2) -> EFNA4 | G15: Plasma Proteome
A16: OID20943 | B16: 0.26778111 | C16: 0.0091881626 | D16: 186.00385 | E16: 0.76634537 | F16: =VLOOKUP(A16,'SI Table 10 Olink Assays'!A879:D3820,2) -> SCARB2 | G16: Plasma Proteome
A17: OID20371 | B17: 0.26557102 | C17: 0.0092443975 | D17: 180.76532 | E17: 0.76571869 | F17: =VLOOKUP(A17,'SI Table 10 Olink Assays'!A319:D3260,2) -> TFF3 | G17: Plasma Proteome
A18: OID20236 | B18: 0.26504469 | C18: 0.0092653723 | D18: 179.2466 | E18: 0.76591359 | F18: =VLOOKUP(A18,'SI Table 10 Olink Assays'!A184:D3125,2) -> IGFBP7 | G18: Plasma Proteome
A19: Cystatin_C | B19: 0.13414231 | C19: 0.0047000128 | D19: 178.43774 | E19: 0.76300316 | F19: Cystatin_C | G19: ClinChem
A20: OID20617 | B20: 0.27330799 | C20: 0.0095880528 | D20: 177.99395 | E20: 0.76800452 | F20: =VLOOKUP(A20,'SI Table 10 Olink Assays'!A560:D3501,2) -> CKAP4 | G20: Plasma Proteome
A21: OID21145 | B21: 0.22687092 | C21: 0.0079729194 | D21: 177.37639 | E21: 0.76630349 | F21: =VLOOKUP(A21,'SI Table 10 Olink Assays'!A1077:D4018,2) -> TNFRSF1B | G21: Plasma Proteome
A22: OID21109 | B22: 0.26874025 | C22: 0.0095294882 | D22: 174.2442 | E22: 0.76481334 | F22: =VLOOKUP(A22,'SI Table 10 Olink Assays'!A1041:D3982,2) -> SPINT1 | G22: Plasma Proteome
A23: OID20759 | B23: 0.30314246 | C23: 0.010795592 | D23: 172.76717 | E23: 0.76705481 | F23: =VLOOKUP(A23,'SI Table 10 Olink Assays'!A700:D3641,2) -> SPON1 | G23: Plasma Proteome
A24: OID20999 | B24: 0.26270917 | C24: 0.0093627844 | D24: 172.50677 | E24: 0.76338283 | F24: =VLOOKUP(A24,'SI Table 10 Olink Assays'!A932:D3873,2) -> ACVRL1 | G24: Plasma Proteome
A25: OID20782 | B25: 0.33915359 | C25: 0.012108011 | D25: 171.91925 | E25: 0.76851897 | F25: =VLOOKUP(A25,'SI Table 10 Olink Assays'!A723:D3664,2) -> FSTL3 | G25: Plasma Proteome
A26: OID20673 | B26: 0.2962194 | C26: 0.010584434 | D26: 171.62274 | E26: 0.76611724 | F26: =VLOOKUP(A26,'SI Table 10 Olink Assays'!A614:D3555,2) -> PGF | G26: Plasma Proteome
A27: OID21482 | B27: 0.31051413 | C27: 0.0111197 | D27: 170.87344 | E27: 0.76658366 | F27: =VLOOKUP(A27,'SI Table 10 Olink Assays'!A1407:D4348,2) -> TNFRSF12A | G27: Plasma Proteome
A28: OID20418 | B28: 0.3131492 | C28: 0.011263669 | D28: 169.38334 | E28: 0.766934 | F28: =VLOOKUP(A28,'SI Table 10 Olink Assays'!A365:D3306,2) -> TIMP1 | G28: Plasma Proteome
A29: OID21342 | B29: 0.27970681 | C29: 0.010120964 | D29: 167.39055 | E29: 0.76736388 | F29: =VLOOKUP(A29,'SI Table 10 Olink Assays'!A1269:D4210,2) -> EPHA2 | G29: Plasma Proteome
A30: OID20221 | B30: 0.35216571 | C30: 0.012783602 | D30: 166.33293 | E30: 0.76623871 | F30: =VLOOKUP(A30,'SI Table 10 Olink Assays'!A169:D3110,2) -> SPON2 | G30: Plasma Proteome
A31: OID21097 | B31: 0.29414766 | C31: 0.010927903 | D31: 158.85865 | E31: 0.76597527 | F31: =VLOOKUP(A31,'SI Table 10 Olink Assays'!A1029:D3970,2) -> SPINK1 | G31: Plasma Proteome
A32: OID21422 | B32: 0.35239461 | C32: 0.013135146 | D32: 157.82152 | E32: 0.76826148 | F32: =VLOOKUP(A32,'SI Table 10 Olink Assays'!A1349:D4290,2) -> HAVCR1 | G32: Plasma Proteome
A33: OID20656 | B33: 0.35217765 | C33: 0.013162996 | D33: 156.96809 | E33: 0.767311 | F33: =VLOOKUP(A33,'SI Table 10 Olink Assays'!A598:D3539,2) -> HGF | G33: Plasma Proteome
A34: OID20205 | B34: 0.25279148 | C34: 0.009491806 | D34: 155.54563 | E34: 0.7626767 | F34: =VLOOKUP(A34,'SI Table 10 Olink Assays'!A153:D3094,2) -> NPDC1 | G34: Plasma Proteome
A35: OID21104 | B35: 0.29448608 | C35: 0.011062442 | D35: 155.40375 | E35: 0.76581386 | F35: =VLOOKUP(A35,'SI Table 10 Olink Assays'!A1036:D3977,2) -> THBS2 | G35: Plasma Proteome
A36: OID21467 | B36: 0.4187125 | C36: 0.015759791 | D36: 154.80295 | E36: 0.76896299 | F36: =VLOOKUP(A36,'SI Table 10 Olink Assays'!A1392:D4333,2) -> ADM | G36: Plasma Proteome
A37: OID21125 | B37: 0.26242321 | C37: 0.0099159757 | D37: 153.60687 | E37: 0.76477772 | F37: =VLOOKUP(A37,'SI Table 10 Olink Assays'!A1057:D3998,2) -> EFNA1 | G37: Plasma Proteome
A38: OID20222 | B38: 0.30264857 | C38: 0.011562872 | D38: 150.28135 | E38: 0.76517409 | F38: =VLOOKUP(A38,'SI Table 10 Olink Assays'!A170:D3111,2) -> NECTIN2 | G38: Plasma Proteome
A39: OID21418 | B39: 0.31776386 | C39: 0.012182267 | D39: 149.25813 | E39: 0.76637228 | F39: =VLOOKUP(A39,'SI Table 10 Olink Assays'!A1345:D4286,2) -> CD300E | G39: Plasma Proteome
A40: OID20125 | B40: 0.31701443 | C40: 0.012175073 | D40: 148.73513 | E40: 0.76358219 | F40: =VLOOKUP(A40,'SI Table 10 Olink Assays'!A74:D3015,2) -> NTproBNP | G40: Plasma Proteome
A41: OID20719 | B41: 0.3291563 | C41: 0.012661277 | D41: 148.27226 | E41: 0.76715328 | F41: =VLOOKUP(A41,'SI Table 10 Olink Assays'!A660:D3601,2) -> CSF1 | G41: Plasma Proteome
A42: OID21142 | B42: 0.28234951 | C42: 0.010877728 | D42: 147.81552 | E42: 0.76425623 | F42: =VLOOKUP(A42,'SI Table 10 Olink Assays'!A1074:D4015,2) -> RELT | G42: Plasma Proteome
A43: OID21040 | B43: 0.33308895 | C43: 0.012888732 | D43: 146.5399 | E43: 0.76635697 | F43: =VLOOKUP(A43,'SI Table 10 Olink Assays'!A973:D3914,2) -> CD74 | G43: Plasma Proteome
A44: OID21328 | B44: 0.28270156 | C44: 0.011028564 | D44: 144.1907 | E44: 0.76692758 | F44: =VLOOKUP(A44,'SI Table 10 Olink Assays'!A1255:D4196,2) -> CD302 | G44: Plasma Proteome
A45: OID21137 | B45: 0.30922359 | C45: 0.012141522 | D45: 142.35357 | E45: 0.76601161 | F45: =VLOOKUP(A45,'SI Table 10 Olink Assays'!A1069:D4010,2) -> HAVCR2 | G45: Plasma Proteome
A46: OID20964 | B46: 0.29567277 | C46: 0.011614133 | D46: 142.23996 | E46: 0.76711878 | F46: =VLOOKUP(A46,'SI Table 10 Olink Assays'!A899:D3840,2) -> TNFRSF6B | G46: Plasma Proteome
A47: OID20653 | B47: 0.30262204 | C47: 0.011896422 | D47: 142.01923 | E47: 0.76479272 | F47: =VLOOKUP(A47,'SI Table 10 Olink Assays'!A595:D3536,2) -> TNFRSF4 | G47: Plasma Proteome
A48: OID20985 | B48: 0.25452686 | C48: 0.010005952 | D48: 142.01339 | E48: 0.76435571 | F48: =VLOOKUP(A48,'SI Table 10 Olink Assays'!A920:D3861,2) -> TNFRSF9 | G48: Plasma Proteome
A49: OID20919 | B49: 0.29936993 | C49: 0.011870974 | D49: 139.60183 | E49: 0.76454597 | F49: =VLOOKUP(A49,'SI Table 10 Olink Assays'!A856:D3797,2) -> ULBP2 | G49: Plasma Proteome
A50: OID21102 | B50: 0.34388765 | C50: 0.013646789 | D50: 139.38814 | E50: 0.76756591 | F50: =VLOOKUP(A50,'SI Table 10 Olink Assays'!A1034:D3975,2) -> PIGR | G50: Plasma Proteome
A51: OID20970 | B51: 0.26231385 | C51: 0.010419651 | D51: 139.12253 | E51: 0.76343089 | F51: =VLOOKUP(A51,'SI Table 10 Olink Assays'!A905:D3846,2) -> LAYN | G51: Plasma Proteome
A52: OID20383 | B52: 0.26023087 | C52: 0.010373368 | D52: 138.15535 | E52: 0.76380675 | F52: =VLOOKUP(A52,'SI Table 10 Olink Assays'!A331:D3272,2) -> HSPG2 | G52: Plasma Proteome
A53: OID21457 | B53: 0.30930348 | C53: 0.012547177 | D53: 133.44745 | E53: 0.76772414 | F53: =VLOOKUP(A53,'SI Table 10 Olink Assays'!A1382:D4323,2) -> GFRA1 | G53: Plasma Proteome
A54: OID20332 | B54: 0.33683701 | C54: 0.013725763 | D54: 132.26252 | E54: 0.76439418 | F54: =VLOOKUP(A54,'SI Table 10 Olink Assays'!A280:D3221,2) -> COL18A1 | G54: Plasma Proteome
A55: OID21411 | B55: 0.24813576 | C55: 0.01011161 | D55: 132.25391 | E55: 0.76457015 | F55: =VLOOKUP(A55,'SI Table 10 Olink Assays'!A1338:D4279,2) -> FGF23 | G55: Plasma Proteome
A56: OID20155 | B56: 0.30932664 | C56: 0.012611204 | D56: 132.12833 | E56: 0.76414737 | F56: =VLOOKUP(A56,'SI Table 10 Olink Assays'!A103:D3044,2) -> IGFBPL1 | G56: Plasma Proteome
A57: OID20272 | B57: 0.27361205 | C57: 0.011174478 | D57: 131.67549 | E57: 0.76192304 | F57: =VLOOKUP(A57,'SI Table 10 Olink Assays'!A220:D3161,2) -> TNFSF13B | G57: Plasma Proteome
A58: OID20768 | B58: 0.28242612 | C58: 0.011650561 | D58: 129.08915 | E58: 0.76489973 | F58: =VLOOKUP(A58,'SI Table 10 Olink Assays'!A709:D3650,2) -> LTBR | G58: Plasma Proteome
A59: OID21094 | B59: 0.24122317 | C59: 0.0099534547 | D59: 129.02273 | E59: 0.76313811 | F59: =VLOOKUP(A59,'SI Table 10 Olink Assays'!A1026:D3967,2) -> PIK3IP1 | G59: Plasma Proteome
A60: OID20737 | B60: 0.26816779 | C60: 0.011094278 | D60: 128.35519 | E60: 0.76437194 | F60: =VLOOKUP(A60,'SI Table 10 Olink Assays'!A678:D3619,2) -> LAIR1 | G60: Plasma Proteome
A61: OID20596 | B61: 0.29904588 | C61: 0.012414728 | D61: 127.47625 | E61: 0.76582216 | F61: =VLOOKUP(A61,'SI Table 10 Olink Assays'!A539:D3480,2) -> KRT19 | G61: Plasma Proteome
A62: OID20781 | B62: 0.3267835 | C62: 0.013570572 | D62: 127.39569 | E62: 0.764322 | F62: =VLOOKUP(A62,'SI Table 10 Olink Assays'!A722:D3663,2) -> LGALS9 | G62: Plasma Proteome
A63: OID21439 | B63: 0.33344867 | C63: 0.013897129 | D63: 126.49391 | E63: 0.76550381 | F63: =VLOOKUP(A63,'SI Table 10 Olink Assays'!A1365:D4306,2) -> MMP12 | G63: Plasma Proteome
A64: OID20646 | B64: 0.28640844 | C64: 0.01194078 | D64: 126.40699 | E64: 0.7650626 | F64: =VLOOKUP(A64,'SI Table 10 Olink Assays'!A588:D3529,2) -> TNFRSF11A | G64: Plasma Proteome
A65: OID21079 | B65: 0.27880588 | C65: 0.01174223 | D65: 123.89569 | E65: 0.76454722 | F65: =VLOOKUP(A65,'SI Table 10 Olink Assays'!A1011:D3952,2) -> DSC2 | G65: Plasma Proteome
A66: OID20400 | B66: 0.29702828 | C66: 0.012514566 | D66: 123.80007 | E66: 0.76332115 | F66: =VLOOKUP(A66,'SI Table 10 Olink Assays'!A347:D3288,2) -> CST3 | G66: Plasma Proteome
A67: OID21144 | B67: 0.29123637 | C67: 0.012343889 | D67: 122.34803 | E67: 0.76502138 | F67: =VLOOKUP(A67,'SI Table 10 Olink Assays'!A1076:D4017,2) -> VSIG4 | G67: Plasma Proteome
A68: OID21486 | B68: 0.29394019 | C68: 0.012458544 | D68: 122.34695 | E68: 0.76363919 | F68: =VLOOKUP(A68,'SI Table 10 Olink Assays'!A1411:D4352,2) -> NBL1 | G68: Plasma Proteome
A69: OID21525 | B69: 0.29482983 | C69: 0.012508767 | D69: 122.10476 | E69: 0.76420321 | F69: =VLOOKUP(A69,'SI Table 10 Olink Assays'!A1450:D4391,2) -> DLL1 | G69: Plasma Proteome
A70: OID20414 | B70: 0.32125914 | C70: 0.013635395 | D70: 122.01065 | E70: 0.76293284 | F70: =VLOOKUP(A70,'SI Table 10 Olink Assays'!A361:D3302,2) -> EFEMP1 | G70: Plasma Proteome
A71: OID20394 | B71: 0.30455397 | C71: 0.012931671 | D71: 121.91162 | E71: 0.76382379 | F71: =VLOOKUP(A71,'SI Table 10 Olink Assays'!A341:D3282,2) -> ADA2 | G71: Plasma Proteome
A72: OID21493 | B72: 0.23899744 | C72: 0.010153807 | D72: 121.77542 | E72: 0.76320269 | F72: =VLOOKUP(A72,'SI Table 10 Olink Assays'!A1418:D4359,2) -> TGFBR2 | G72: Plasma Proteome
A73: OID20242 | B73: 0.26364913 | C73: 0.011242192 | D73: 120.8967 | E73: 0.76402528 | F73: =VLOOKUP(A73,'SI Table 10 Olink Assays'!A190:D3131,2) -> EPHB4 | G73: Plasma Proteome
A74: OID21490 | B74: 0.2286494 | C74: 0.0097604775 | D74: 120.63454 | E74: 0.7626959 | F74: =VLOOKUP(A74,'SI Table 10 Olink Assays'!A1415:D4356,2) -> NECTIN4 | G74: Plasma Proteome
A75: OID20348 | B75: 0.29187336 | C75: 0.012469084 | D75: 120.44825 | E75: 0.76336358 | F75: =VLOOKUP(A75,'SI Table 10 Olink Assays'!A296:D3237,2) -> IL18BP | G75: Plasma Proteome
A76: OID21527 | B76: 0.27109503 | C76: 0.011677797 | D76: 118.48881 | E76: 0.76206181 | F76: =VLOOKUP(A76,'SI Table 10 Olink Assays'!A1452:D4393,2) -> CD27 | G76: Plasma Proteome
A77: OID20267 | B77: 0.27367664 | C77: 0.011841782 | D77: 117.44603 | E77: 0.76437573 | F77: =VLOOKUP(A77,'SI Table 10 Olink Assays'!A215:D3156,2) -> IL2RA | G77: Plasma Proteome
A78: OID20738 | B78: 0.29980943 | C78: 0.01300855 | D78: 116.80339 | E78: 0.76339427 | F78: =VLOOKUP(A78,'SI Table 10 Olink Assays'!A679:D3620,2) -> COLEC12 | G78: Plasma Proteome
A79: OID20763 | B79: 0.33211828 | C79: 0.014629117 | D79: 113.37393 | E79: 0.76341096 | F79: =VLOOKUP(A79,'SI Table 10 Olink Assays'!A704:D3645,2) -> PRSS8 | G79: Plasma Proteome
A80: OID20966 | B80: 0.26047165 | C80: 0.011485409 | D80: 113.13628 | E80: 0.76253762 | F80: =VLOOKUP(A80,'SI Table 10 Olink Assays'!A901:D3842,2) -> CD274 | G80: Plasma Proteome
A81: OID20201 | B81: 0.26365394 | C81: 0.011648427 | D81: 112.70065 | E81: 0.76068647 | F81: =VLOOKUP(A81,'SI Table 10 Olink Assays'!A149:D3090,2) -> REN | G81: Plasma Proteome
A82: OID21063 | B82: 0.33011897 | C82: 0.014589474 | D82: 112.63081 | E82: 0.76330903 | F82: =VLOOKUP(A82,'SI Table 10 Olink Assays'!A995:D3936,2) -> MSR1 | G82: Plasma Proteome
A83: OID20576 | B83: 0.26002827 | C83: 0.011511788 | D83: 112.24516 | E83: 0.76342417 | F83: =VLOOKUP(A83,'SI Table 10 Olink Assays'!A519:D3460,2) -> IL4R | G83: Plasma Proteome
A84: OID20771 | B84: 0.32418476 | C84: 0.014440548 | D84: 110.88914 | E84: 0.76342989 | F84: =VLOOKUP(A84,'SI Table 10 Olink Assays'!A712:D3653,2) -> CHRDL1 | G84: Plasma Proteome
A85: P05231 | B85: 0.23134365 | C85: 0.010369896 | D85: 109.52128 | E85: 0.76402389 | F85: P05231 | G85: Plasma Proteome
A86: OID20321 | B86: 0.24916231 | C86: 0.011262417 | D86: 107.72483 | E86: 0.76366752 | F86: =VLOOKUP(A86,'SI Table 10 Olink Assays'!A269:D3210,2) -> RNASET2 | G86: Plasma Proteome
A87: OID21123 | B87: 0.27920671 | C87: 0.012646905 | D87: 107.27988 | E87: 0.76284941 | F87: =VLOOKUP(A87,'SI Table 10 Olink Assays'!A1055:D3996,2) -> OGN | G87: Plasma Proteome
A88: OID21446 | B88: 0.23106074 | C88: 0.010466471 | D88: 107.27221 | E88: 0.76308316 | F88: =VLOOKUP(A88,'SI Table 10 Olink Assays'!A1372:D4313,2) -> TNFRSF19 | G88: Plasma Proteome
A89: OID20786 | B89: 0.25766204 | C89: 0.011712702 | D89: 106.52641 | E89: 0.7626712 | F89: =VLOOKUP(A89,'SI Table 10 Olink Assays'!A727:D3668,2) -> AGRN | G89: Plasma Proteome
A90: OID21389 | B90: 0.28727858 | C90: 0.013079518 | D90: 106.19629 | E90: 0.76468961 | F90: =VLOOKUP(A90,'SI Table 10 Olink Assays'!A1316:D4257,2) -> EBI3_IL27 | G90: Plasma Proteome
A91: OID21010 | B91: 0.27442599 | C91: 0.012498076 | D91: 106.13374 | E91: 0.76315224 | F91: =VLOOKUP(A91,'SI Table 10 Olink Assays'!A943:D3884,2) -> CD300C | G91: Plasma Proteome
A92: OID20635 | B92: 0.255717 | C92: 0.011655614 | D92: 105.9611 | E92: 0.7624897 | F92: =VLOOKUP(A92,'SI Table 10 Olink Assays'!A577:D3518,2) -> CD79B | G92: Plasma Proteome
A93: OID20787 | B93: 0.29158619 | C93: 0.013298907 | D93: 105.8293 | E93: 0.76306768 | F93: =VLOOKUP(A93,'SI Table 10 Olink Assays'!A728:D3669,2) -> TFF2 | G93: Plasma Proteome
A94: OID20748 | B94: 0.27674231 | C94: 0.012733596 | D94: 104.00208 | E94: 0.76422731 | F94: =VLOOKUP(A94,'SI Table 10 Olink Assays'!A689:D3630,2) -> LGALS4 | G94: Plasma Proteome
A95: OID20322 | B95: 0.29000904 | C95: 0.013350684 | D95: 103.89965 | E95: 0.76357869 | F95: =VLOOKUP(A95,'SI Table 10 Olink Assays'!A270:D3211,2) -> SPP1 | G95: Plasma Proteome
A96: OID20411 | B96: 0.28146833 | C96: 0.012975414 | D96: 103.61646 | E96: 0.76226737 | F96: =VLOOKUP(A96,'SI Table 10 Olink Assays'!A358:D3299,2) -> ICAM1 | G96: Plasma Proteome
A97: OID20087 | B97: 0.33065327 | C97: 0.015243951 | D97: 103.60089 | E97: 0.76529792 | F97: =VLOOKUP(A97,'SI Table 10 Olink Assays'!A37:D2978,2) -> MMP7 | G97: Plasma Proteome
A98: OID20783 | B98: 0.2645691 | C98: 0.012258347 | D98: 102.58376 | E98: 0.7634487 | F98: =VLOOKUP(A98,'SI Table 10 Olink Assays'!A724:D3665,2) -> TNFRSF14 | G98: Plasma Proteome
A99: OID20339 | B99: 0.22879424 | C99: 0.010634052 | D99: 101.95045 | E99: 0.76093215 | F99: =VLOOKUP(A99,'SI Table 10 Olink Assays'!A287:D3228,2) -> CD59 | G99: Plasma Proteome
A100: OID20165 | B100: 0.25177579 | C100: 0.011705055 | D100: 101.90139 | E100: 0.75822527 | F100: =VLOOKUP(A100,'SI Table 10 Olink Assays'!A113:D3054,2) -> CLEC5A | G100: Plasma Proteome
...

Sheet SI Table 3 Protein Atlas Enrich
A1: Protein Altas | B1: Gene Set | C1: # Mortality Protein | D1: # Not In Mortality | E1: Tissue Set Size | F1: Expected Mortality Assocations | G1: Enrichment OR | H1: p-value hypergeom
A2: Tissue Expression | B2: Non-specific - Mitochondria | C2: 20 | D2: 49 | E2: =sum(C2:D2) -> 69 | F2: =960/1500*E2 -> 44.16 | G2: =C2/F2 -> 0.45289855 | H2: =HYPGEOMDIST(C2,E2,766,1459) -> 2.950045e-05
A3: Single Cell Expression | B3: Myeloid cells - Hemostasis | C3: 1 | D3: 14 | E3: =sum(C3:D3) -> 15 | F3: =960/1500*E3 -> 9.6 | G3: =C3/F3 -> 0.10416667 | H3: =HYPGEOMDIST(C3,E3,766,1459) -> 0.00022065429
A4: Single Cell Expression | B4: Macrophages - Innate immune response | C4: 43 | D4: 15 | E4: =sum(C4:D4) -> 58 | F4: =960/1500*E4 -> 37.12 | G4: =C4/F4 -> 1.1584052 | H4: =HYPGEOMDIST(C4,E4,766,1459) -> 0.00031755225
A5: Single Cell Expression | B5: Spermatids - Spermatogenesis | C5: 10 | D5: 28 | E5: =sum(C5:D5) -> 38 | F5: =960/1500*E5 -> 24.32 | G5: =C5/F5 -> 0.41118421 | H5: =HYPGEOMDIST(C5,E5,766,1459) -> 0.00058708987
A6: Tissue Expression | B6: Intestine & Liver - Lipid metabolism | C6: 2 | D6: 14 | E6: =sum(C6:D6) -> 16 | F6: =960/1500*E6 -> 10.24 | G6: =C6/F6 -> 0.1953125 | H6: =HYPGEOMDIST(C6,E6,766,1459) -> 0.00093518301
A7: Tissue Expression | B7: Brain & Bone marrow - Chromatin organization | C7: 0 | D7: 9 | E7: =sum(C7:D7) -> 9 | F7: =960/1500*E7 -> 5.76 | G7: =C7/F7 -> 0 | H7: =HYPGEOMDIST(C7,E7,766,1459) -> 0.0011972498
A8: Tissue Expression | B8: Non-specific - Translation | C8: 3 | D8: 15 | E8: =sum(C8:D8) -> 18 | F8: =960/1500*E8 -> 11.52 | G8: =C8/F8 -> 0.26041667 | H8: =HYPGEOMDIST(C8,E8,766,1459) -> 0.0015853935
A9: Single Cell Expression | B9: Proximal tubular cells - Tubular reabsorption | C9: 15 | D9: 31 | E9: =sum(C9:D9) -> 46 | F9: =960/1500*E9 -> 29.44 | G9: =C9/F9 -> 0.50951087 | H9: =HYPGEOMDIST(C9,E9,766,1459) -> 0.0027817138
A10: Tissue Expression | B10: Macrophages - Immune response | C10: 36 | D10: 15 | E10: =sum(C10:D10) -> 51 | F10: =960/1500*E10 -> 32.64 | G10: =C10/F10 -> 1.1029412 | H10: =HYPGEOMDIST(C10,E10,766,1459) -> 0.0034269045
A11: Single Cell Expression | B11: Fibroblasts - ECM organization | C11: 59 | D11: 32 | E11: =sum(C11:D11) -> 91 | F11: =960/1500*E11 -> 58.24 | G11: =C11/F11 -> 1.0130495 | H11: =HYPGEOMDIST(C11,E11,766,1459) -> 0.0044284545
A12: Tissue Expression | B12: Lung - Lung function | C12: 15 | D12: 3 | E12: =sum(C12:D12) -> 18 | F12: =960/1500*E12 -> 11.52 | G12: =C12/F12 -> 1.3020833 | H12: =HYPGEOMDIST(C12,E12,766,1459) -> 0.0053488379
A13: Tissue Expression | B13: Adipose tissue - ECM organization | C13: 44 | D13: 22 | E13: =sum(C13:D13) -> 66 | F13: =960/1500*E13 -> 42.24 | G13: =C13/F13 -> 1.0416667 | H13: =HYPGEOMDIST(C13,E13,766,1459) -> 0.0061693533
... A63: Tissue Expression | B63: T-cells - Adaptive immune response | C63: 13 | D63: 16 | E63: =sum(C63:D63) -> 29 | F63: =960/1500*E63 -> 18.56 | G63: =C63/F63 -> 0.70043103 | H63: =HYPGEOMDIST(C63,E63,766,1459) -> 0.10523325
A64: Single Cell Expression | B64: Spermatocytes & Spermatogonia - Spermatogenesis | D64: 3 | E64: =sum(C64:D64) -> 3 | F64: =960/1500*E64 -> 1.92 | G64: =C64/F64 -> 0 | H64: =HYPGEOMDIST(C64,E64,766,1459) -> 0.10691657
A65: Tissue Expression | B65: Retina - Phototransduction | C65: 0 | D65: 3 | E65: =sum(C65:D65) -> 3 | F65: =960/1500*E65 -> 1.92 | G65: =C65/F65 -> 0 | H65: =HYPGEOMDIST(C65,E65,766,1459) -> 0.10691657
A66: Single Cell Expression | B66: NK-cells & T-cells - Immune response | C66: 30 | D66: 27 | E66: =sum(C66:D66) -> 57 | F66: =960/1500*E66 -> 36.48 | G66: =C66/F66 -> 0.82236842 | H66: =HYPGEOMDIST(C66,E66,766,1459) -> 0.10746188
A67: Tissue Expression | B67: Liver - Metabolism | C67: 28 | D67: 24 | E67: =sum(C67:D67) -> 52 | F67: =960/1500*E67 -> 33.28 | G67: =C67/F67 -> 0.84134615 | H67: =HYPGEOMDIST(C67,E67,766,1459) -> 0.11027672
A68: Tissue Expression | B68: Parathyroid gland - membrane proteins | C68: 11 | D68: 14 | E68: =sum(C68:D68) -> 25 | F68: =960/1500*E68 -> 16 | G68: =C68/F68 -> 0.6875 | H68: =HYPGEOMDIST(C68,E68,766,1459) -> 0.11105955
A69: Tissue Expression | B69: Skin - Epidermis development | C69: 10 | D69: 13 | E69: =sum(C69:D69) -> 23 | F69: =960/1500*E69 -> 14.72 | G69: =C69/F69 -> 0.67934783 | H69: =HYPGEOMDIST(C69,E69,766,1459) -> 0.11426178
A70: Single Cell Expression | B70: Syncytiotrophoblasts - Pregnancy hormone signaling | C70: 11 | D70: 6 | E70: =sum(C70:D70) -> 17 | F70: =960/1500*E70 -> 10.88 | G70: =C70/F70 -> 1.0110294 | H70: =HYPGEOMDIST(C70,E70,766,1459) -> 0.1186972
A71: Tissue Expression | B71: Squamous epithelial cells - Epithelial cell function | C71: 12 | D71: 7 | E71: =sum(C71:D71) -> 19 | F71: =960/1500*E71 -> 12.16 | G71: =C71/F71 -> 0.98684211 | H71: =HYPGEOMDIST(C71,E71,766,1459) -> 0.12063178
A72: Tissue Expression | B72: Intestine & Kidney - Transmembrane transport | C72: 14 | D72: 9 | E72: =sum(C72:D72) -> 23 | F72: =960/1500*E72 -> 14.72 | G72: =C72/F72 -> 0.95108696 | H72: =HYPGEOMDIST(C72,E72,766,1459) -> 0.12189889
A73: Tissue Expression | B73: Brain & Skin - Unknown function | C73: 7 | D73: 10 | E73: =sum(C73:D73) -> 17 | F73: =960/1500*E73 -> 10.88 | G73: =C73/F73 -> 0.64338235 | H73: =HYPGEOMDIST(C73,E73,766,1459) -> 0.12509328
A74: Single Cell Expression | B74: Enterocytes - Digestion | C74: 18 | D74: 18 | E74: =sum(C74:D74) -> 36 | F74: =960/1500*E74 -> 23.04 | G74: =C74/F74 -> 0.78125 | H74: =HYPGEOMDIST(C74,E74,766,1459) -> 0.12768313
A75: Single Cell Expression | B75: Non-specific - Transcription | C75: 6 | D75: 9 | E75: =sum(C75:D75) -> 15 | F75: =960/1500*E75 -> 9.6 | G75: =C75/F75 -> 0.625 | H75: =HYPGEOMDIST(C75,E75,766,1459) -> 0.12904077
A76: Single Cell Expression | B76: Smooth muscle cells - ECM organization | C76: 20 | D76: 18 | E76: =sum(C76:D76) -> 38 | F76: =960/1500*E76 -> 24.32 | G76: =C76/F76 -> 0.82236842 | H76: =HYPGEOMDIST(C76,E76,766,1459) -> 0.13045267
... A135: Tissue Expression | B135: Adrenal gland - Steroid metabolism | C135: 1 | D135: 2 | E135: =sum(C135:D135) -> 3 | F135: =960/1500*E135 -> 1.92 | G135: =C135/F135 -> 0.52083333 | H135: =HYPGEOMDIST(C135,E135,766,1459) -> 0.35556335
A136: Single Cell Expression | B136: Spermatogonia & Spermatocytes - Spermatogenesis | D136: 1 | E136: =sum(C136:D136) -> 1 | F136: =960/1500*E136 -> 0.64 | G136: =C136/F136 -> 0 | H136: =HYPGEOMDIST(C136,E136,766,1459) -> 0.47498286
A137: Tissue Expression | B137: Ciliated cells - Cilium organization | C137: 0 | D137: 1 | E137: =sum(C137:D137) -> 1 | F137: =960/1500*E137 -> 0.64 | G137: =C137/F137 -> 0 | H137: =HYPGEOMDIST(C137,E137,766,1459) -> 0.47498286
A138: Tissue Expression | B138: Retina & Lymphoid tissues - Unknown function | C138: 1 | D138: 1 | E138: =sum(C138:D138) -> 2 | F138: =960/1500*E138 -> 1.28 | G138: =C138/F138 -> 0.78125 | H138: =HYPGEOMDIST(C138,E138,766,1459) -> 0.49909036
A139: Tissue Expression | B139: Epididymis - Antimicrobial activity | C139: 1 | D139: 0 | E139: =sum(C139:D139) -> 1 | F139: =960/1500*E139 -> 0.64 | G139: =C139/F139 -> 1.5625 | H139: =HYPGEOMDIST(C139,E139,766,1459) -> 0.52501714

Sheet SI Table 4 DAVID Enrichment Ana
A1: Enrichment Analysis of Mortality Associated Proteins
A2: Category | B2: Term | C2: Count | D2: % | E2: PValue | F2: Genes | G2: List Total | H2: Pop Hits | I2: Pop Total | J2: Fold Enrichment | K2: Bonferroni | L2: Benjamini | M2: FDR | N2: log10(FDR)
A3: UP_KW_PTM | B3: KW-1015~Disulfide bond | C3: 623 | D3: 68.612335 | E3: 1.7760119e-30 | F3: P32942, P26022, Q06141, P08833, O14793, P20718, P52798, P21802, P16581, B1AKI9, O14786, Q9Y275, P05451, Q92854, Q96FE7, P28799, Q496F6, O95445, P27487, Q9UKU9, Q9Y279, P16109, P15018, Q08431, Q9HBG7, P16234, Q9BYF1, P15144, P21810, O60575, P15260, P38484, Q9Y286, Q9ULX7, O14798, P28325, P27695, Q92956, P06756, P04216, Q9BQ51, P17405, Q8NBP7, P37023, P14384, P16562, O60542, O00292, Q92832, P24071, P54760, P07858, Q13822, P26010, P48023, Q07325, O00175, P08709, P18510, Q9NQ79, P19957, Q5KU26, P18627, P20827, Q9UKX5, P31949, Q92823, P04233, Q6UXD5, Q12860, P09603, P07306, Q12866, O00220, Q8IYS5, O00585, Q96NZ8, O00584, Q8IX05, P18564, O00468, Q9BZM5, P15291, Q9Y4X3, P41217, Q969P0, O14625, P42785, Q8N149, P08648, Q9UM47, P51671, Q9NZC2, P80098, P29460, Q96NY8, P32970, P10721, Q9P0K1, P16278, P43628, Q9Y240, Q92520, P07204, Q9UKR0, P31997, Q12884, Q6UXB2, Q6UXB4, Q10589, Q2VWP7, O00241, Q07654, Q9NQ25, Q9NS68, P15151, P06681, Q92752, P05231, O14763, Q6NW40, Q92876, P51693, P09958, O95388, Q13740, O00253, Q9NQ30, Q8IWL1, Q03167, Q8IWL2, P19883, P48061, P30530, P53634, Q9P0M4, P0CG37, O76096, P15289, Q9NQ38, Q9HCK4, Q8NBS9, P18428, P37173, O14773, P05362, Q86VB7, Q8N474, P04275, P29317, P04155, O43155, P01241, O00548, Q9UHF1, O43278, P80188, P15529, P58499, Q9HCB6, P14555, P50895, O00300, P16860, Q99523, Q8WWY7, Q96PQ0, P17948, Q8NBJ7, P01236, P25445, P07911, P01591, Q6ISS4, Q86SR1, P23280, P49771, P35247, P14207, P13598, P13236, P14210, O14836, Q6UWW8, Q9NS15, P36222, Q9P0G3, P01589, P01588, Q6DN72, P23276, Q8WU39, Q01638, Q16363, O43291, Q9Y6Y9, Q6GTX8, P49763, P15509, Q9UMR7, Q9UP79, Q6YHK3, Q9Y5W5, Q6BAA4, P51888, P13688, P35475, P14778, P13686, P12111, P14780, O76061, Q15165, P48304, P01138, P01258, P01137, P48307, P01135, Q99988, Q15166, P01375, P24592, Q86T13, Q9Y336, P02462, P01130, O00339, A6NI73, P04626, P80075, P15514, O75077, P14543, P17931, P35590, Q99731, P58294, P17813, P57087, P17936, Q01973, P28827, P40933, Q8WX77, O00626, Q9Y624, P06734, P56159, P07949, P59665, O76036, P15328, O00622, Q8NC01, Q16270, O14904, P42701, P42702, P15692, P24158, Q8N423, P01034, P01033, P07711, A1L4H1, O43240, Q9GZV9, O75054, Q7Z5L0, Q12918, Q9UHC6, Q6PCB0, P35052, Q96P31, Q9UBX7, Q16288, Q9H7M9, Q7Z6M3, Q9UQV4, O43570, Q9BQR3, Q9UHD0, Q12805, P80162, O43699, Q08345, Q5VY43, Q07011, Q8NFT8, Q8WTU2, P22079, Q9H4F8, P01178, P24394, Q86VZ4, P52823, P51858, Q08334, O60911, Q9H2A7, Q99650, P24387, P06731, P25116, Q99538, Q16627, Q13478, Q9BZZ2, Q9BY76, P13747, Q96LA5, P20160, Q6UWN8, P13987, Q04760, P30086, P13501, O43557, Q03431, P13500, P11684, P45452, Q13361, P20273, Q5T2D2, O94907, Q9C0C4, Q9HAV5, Q14210, P21246, Q13241, P03950, Q8IU54, P47992, Q8IU57, P48960, P03956, O75015, P12544, Q86SJ2, Q96GW7, Q8TE57, Q96F46, Q9H156, Q8TE58, P08174, Q9UBT3, P46531, Q7Z7D3, P00533, Q8NCC3, P78380, Q16881, Q16769, P15907, P13725, Q14108, P13726, Q6UWL6, P18065, Q9Y6Q6, Q969Z4, Q01469, Q03405, Q01344, P20138, P02749, Q03403, Q13261, Q16651, Q8NHL6, P02745, P25942, P21583, Q16653, Q9BZW8, P09238, P21589, Q14112, Q96SM3, Q96I82, P22692, Q76LX8, Q14118, P10586, P13611, P35625, O75594, Q9NRJ3, Q9HD89, P43121, Q16663, O94813, Q7KYR7, Q6ZMJ2, P00797, P43489, Q14242, Q13275, P55103, P15848, O75462, Q96AP7, Q5ZPR3, Q16552, Q96JA1, Q16674, Q16790, Q99969, Q99727, P02760, Q96D42, Q96DU3, Q9BXY4, Q6EIG7, Q2MKA7, P35443, P35442, Q96PL1, Q13291, Q02763, Q9GZM7, Q9UBP4, Q15116, P35318, Q9BWV1, P12318, O75326, P20062, Q9BYZ8, Q96LC7, Q9UMF0, O43854, Q9Y5K2, O43736, P11464, Q8WVQ1, Q6UX15, Q9H6B4, Q9NY25, Q9UEW3, P08069, P01215, Q14393, P26951, P02786, P48745, Q15485, P55259, P23582, O94856, P39905, P10147, Q9Y6N7, O43508, P39900, Q9Y5L3, P10145, Q9NZ53, Q02747, Q6UX27, P28907, P28908, Q9UBR2, Q02742, P02778, Q14162, P22004, P26842, P78423, P29017, Q3KPI0, O15123, Q6UXH1, Q15818, Q96GP6, Q9P0V8, Q96H15, O43715, P55789, Q06418, Q07507, Q8TDL5, Q6ZMC9, Q92692, P39060, P98160, P07237, P07478, O95841, Q12794, O15496, P78410, Q9H5V8, Q15828, Q96RD9, Q8IUN9, Q9H3R2, Q08708, P01903, P05060, Q9UHX3, P08571, O95727, P05187, P05067, P78324, Q8WXI7, P78325, Q8WXI8, O95971, O75888, O15263, Q14508, P16284, Q9NZQ7, P20774, P21741, P78556, P11717, O15031, Q14512, P06127, P07339, Q13421, P78552, P78310, O94779, Q14515, P10747, P19440, P19320, Q13308, Q9Y2B0, O43827, Q6UXG3, Q9UNE0, P21757, P19438, P41222, P04070, Q9BUD6, Q07954, P05164, P07585, O15389, P40259, O95633, O95994, P08118, Q8TDQ0, Q8TDQ1, Q16820, O95998, O14594, Q14767, P36941, O43915, P35613, P30048, P00749, P01833, P22894, O60242, P43234, Q9BSG5, Q9NZK5, O75509, Q8NHJ6, Q8IWV2, Q13444, P35968, Q49AH0, Q96PD2, P19021, O43927, O60259, Q9UJ71, Q9HB29, Q86SF2, P09466, O95407, P08254, O15444, P22304, P22301, P29279, Q9NPY3, Q13219, Q9NP84, Q01151, Q9H3U7, P12830, P40189, Q9Y5C1, O60462, P01732, P01730, P41159, P20333, Q14435, P55774, O15232, P55773, Q16853, O15354, P12724, P41271, Q6UXK5, Q92583, O15467, Q9BXN2, P24821, Q9UGT4, P08473, P00995, P00750, P09326, Q13231, Q9BZR6 | G3: 870 | H3: 827 | I3: 1378 | J3: 1.193198 | K3: 5.3280356e-29 | L3: 5.5056367e-29 | M3: 5.1504344e-29 | N3: =-LOG10(M3) -> 28.288156
A4: UP_KW_PTM | B4: KW-0325~Glycoprotein | C4: 606 | D4: 66.740088 | E4: 6.4752229e-25 | F4: P32942, P26022, O14793, P20718, P52798, P21802, Q8IZP9, P16581, B1AKI9, O14786, Q9Y275, P05451, O14788, Q92854, Q96FE7, P28799, P08962, Q496F6, O95445, P27487, Q9UKU9, P16109, P15018, Q08431, Q9HBG7, P16234, Q9BYF1, P15144, P21810, Q96KN2, P15260, P38484, Q9Y286, Q9ULX7, O14798, Q92956, P06756, P04216, Q9BYE9, Q9BQ51, P17405, Q8NBP7, P37023, P14384, O00292, Q92832, P24071, P54760, P07858, Q13822, P26010, P48023, O00175, P08709, P18510, Q9NQ79, Q5KU26, P18627, P20827, Q9UKX5, Q9H3G5, Q92823, P04233, Q92820, Q6UXD5, Q12860, P09603, P07306, Q12866, Q12864, O00220, Q8IYS5, Q96NZ8, O00584, Q8IX05, P18564, Q8IUK5, O00468, Q9BZM5, P15291, Q8N386, P41217, Q969P0, P42785, Q8N149, P08648, Q9UM47, P51671, Q9NZC2, P80098, P29460, Q96NY8, P32970, P10721, Q9P0K1, P16278, P43628, Q9Y240, P07204, Q9UKR0, P31997, Q12884, Q9UHL4, O95498, Q6UXB4, Q10589, Q2VWP7, O00241, P21709, Q9NQ25, Q9NS68, P15151, P55808, P06681, Q92752, P05231, O14763, Q6NW40, Q92876, Q8WXD2, P30533, P51693, P09958, O95388, Q13740, Q14956, Q9NQ30, Q8IWL1, Q03167, Q8IWL2, P19883, P30530, P53634, P0CG37, O76096, P15289, Q9HCK4, P18428, P37173, O14773, P05362, Q86VB7, Q8N474, P05121, P04275, P29317, Q86WD7, O43155, O00548, O43278, P80188, P15529, P58499, Q9HCB6, P50895, O00300, O95274, P16860, Q99523, Q96PQ0, P17948, Q8NBJ7, P01236, Q9H4D0, Q6UWV6, P25445, P07911, P01591, Q86SR1, P23280, P14209, P49771, P35247, P14207, P13598, P14210, O14836, Q04900, Q6UWW8, Q9NS15, P36222, Q13093, Q8NBI3, P01589, Q8TCZ2, P01588, Q6DN72, Q6UX82, P23276, Q01638, Q16363, O43291, Q15155, Q9Y6Y9, Q8N6Q3, Q6GTX8, P49763, P15509, Q8N608, Q9UMR7, Q9UP79, Q6YHK3, Q9Y5W5, Q6BAA4, P51888, P13688, P35475, P14778, P13686, P12111, P14780, O76061, Q15165, P48304, Q15043, P01138, P01137, P48307, P01135, Q99988, Q9H8J5, Q15166, P01375, P24592, Q86T13, Q9Y336, P02462, P01130, O00339, A6NI73, P04626, O00451, P15514, Q9BU40, O75077, P14543, P35590, P17813, P57087, P17936, Q01973, P28827, P40933, Q8WX77, Q9Y624, P06734, P56159, P07949, P36269, O76036, P15328, Q8NC01, Q16270, O14904, P42701, P42702, P15692, Q92932, P24158, Q8N423, P01034, P01033, P07711, A1L4H1, O43240, Q9GZV9, O75054, Q12918, Q9UHC6, Q6PCB0, P35052, O14917, Q96P31, Q9UBX7, Q16288, P05783, Q9H7M9, Q7Z6M3, Q9UQV4, O43570, Q9BQR3, Q9UHD0, Q9HBB8, Q9UKJ1, Q9UKJ0, Q12805, O43699, Q08345, P12034, Q5VY43, Q07011, Q8NFT8, Q9NRM6, P22079, Q9H4F8, P24394, Q9Y653, Q86VZ4, P52823, Q08334, O60911, Q06033, Q9H2A7, P18827, Q99650, P24387, P06731, P25116, Q99538, Q16627, Q13478, Q9BZZ2, Q9BY76, P13747, Q96LA5, P20160, P13987, P13501, O43557, Q03431, P13500, P07196, P45452, Q13361, P20273, Q5T2D2, O94907, Q9C0C4, Q9HAV5, Q7Z5A7, Q14210, Q13241, Q8IU54, Q8IU57, P48960, P03956, O75015, P12544, Q86SJ2, Q96GW7, Q9Y4L1, Q8TE57, Q96F46, Q9H156, Q8TE58, P08174, P46531, P22223, P55285, Q7Z7D3, P00533, Q8NCC3, P78380, Q16769, P15907, O43895, P13725, Q14108, P13726, Q6UWL6, P18065, P10451, Q9Y6Q6, Q969Z4, Q03405, Q01344, P20138, P02749, Q13261, Q16651, Q8NHL6, P02745, P25942, P21583, Q16653, Q9BZW8, P21589, Q13145, Q14112, P55291, Q96SM3, Q96I82, Q9HAT2, P22692, Q76LX8, Q14118, P10586, P13611, O75594, Q9NRJ3, P43121, O94813, Q7KYR7, Q6ZMJ2, P00797, P43489, Q14242, Q13275, Q14126, P55103, P15848, O75462, Q96AP7, Q5ZPR3, Q16552, Q96JA1, Q16790, P02760, Q96D42, Q96DU3, Q9BXY4, P78333, Q6EIG7, Q2MKA7, P35443, Q86U17, P35442, Q13291, Q02763, P33151, Q9GZM7, Q9UBP4, Q15116, Q9BWV1, P12318, O75326, Q9BYZ8, Q96LC7, Q9UMF0, O43854, P13521, Q9Y5K2, O43736, P11464, Q8WVQ1, Q6UX15, Q9H6B4, Q9NY25, Q9UEW3, P08069, P01215, Q14393, P26951, P02786, P48745, Q15485, P55259, Q08174, O94856, P39905, O15197, Q9Y6N7, O43508, P39900, Q9Y5L3, Q9NZV1, O43505, Q9NZ53, Q6UX27, P28907, P28908, Q9UBR2, Q02742, Q9UJA9, P28906, Q14162, P22004, P26842, P78423, P29017, Q3KPI0, O15123, Q6UXH1, Q15818, Q96GP6, Q9P0V8, Q96H15, Q06418, Q8TDL5, Q6ZMC9, Q92692, P39060, P98160, O95841, Q12794, O15496, P78410, Q8NBZ7, Q9H5V8, Q15828, Q96RD9, Q8IUN9, Q9H3R2, Q96J42, Q08708, P01903, P05060, Q9UHX3, P08571, O95727, P05187, P05067, P78324, Q8WXI7, P78325, Q8WXI8, O95971, O75888, Q14508, P31431, P16284, Q8TAD2, Q9NZQ7, P20774, P11717, O15031, Q14512, P06127, P07339, Q13421, P78552, P78310, O94779, Q14515, P10747, P19440, P19320, Q13308, O43827, Q6UXG3, Q9UNE0, P21757, P19438, P41222, P08670, P04070, Q9BUD6, Q07954, P05164, P07585, O15389, P40259, Q9BXJ1, O95633, Q8TDQ0, Q8TDQ1, Q16820, O95998, O14594, Q14767, P36941, O43915, P35613, P00749, O60243, P01833, P22894, O60242, P43234, O75629, Q9NZK5, O75509, Q8IWV2, Q13444, P35968, Q96PD2, Q6WN34, P19021, P19022, O60259, Q9UJ71, Q9HB29, Q02487, P23515, P09466, O95407, P22304, Q6ZMH5, P22301, P29279, Q9NPY3, Q15517, Q13219, Q01151, Q9H3U7, P12830, P40189, Q9Y5C1, O60462, P01732, P01730, P20333, Q14435, Q16853, O15354, P12724, Q6UXK5, Q9BXN2, P24821, Q9UGT4, P08473, P00750, P09326, Q13231, Q9BZR6, P08236 | G4: 870 | H4: 816 | I4: 1378 | J4: 1.1762847 | K4: 1.9425669e-23 | L4: 1.0036595e-23 | M4: 9.3890732e-24 | N4: =-LOG10(M4) -> 23.027377
A5: UP_SEQ_FEATURE | B5: CARBOHYD:N-linked (GlcNAc...) asparagine | C5: 565 | D5: 62.22467 | E5: 7.2861059e-25 | F5: P32942, P26022, O14793, P20718, P52798, P21802, Q8IZP9, P16581, B1AKI9, O14786, Q9Y275, O14788, Q92854, P28799, P08962, Q496F6, O95445, P27487, Q9UKU9, P16109, P15018, Q08431, Q9HBG7, P16234, Q9BYF1, P15144, P21810, Q96KN2, P15260, P38484, Q9Y286, Q9ULX7, Q92956, P06756, P04216, Q9BYE9, Q9BQ51, P17405, Q8NBP7, P37023, P14384, O00292, Q92832, P24071, P54760, P07858, Q13822, P26010, P48023, O00175, P08709, P18510, Q5KU26, P18627, P20827, Q9UKX5, Q9H3G5, Q92823, P04233, Q92820, Q6UXD5, Q12860, P09603, P07306, Q12866, Q12864, O00220, Q8IYS5, Q96NZ8, O00584, Q8IX05, P18564, Q8IUK5, O00468, Q9BZM5, P15291, Q8N386, P41217, Q969P0, P42785, Q8N149, P08648, Q9UM47, Q9NZC2, P80098, P29460, Q96NY8, P32970, P10721, Q9P0K1, P16278, P43628, P07204, Q9UKR0, P31997, Q12884, Q9UHL4, O95498, Q6UXB4, Q10589, Q2VWP7, O00241, P21709, Q9NQ25, Q9NS68, P15151, P06681, Q92752, P05231, Q6NW40, Q92876, P30533, P51693, P09958, O95388, Q13740, Q14956, Q8IWL1, Q03167, Q8IWL2, P19883, P30530, P53634, P0CG37, O76096, P15289, Q9HCK4, P18428, P37173, O14773, P05362, Q86VB7, Q8N474, P05121, P04275, P29317, Q86WD7, O43155, O00548, O43278, P80188, P15529, P58499, Q9HCB6, P50895, O00300, O95274, Q99523, Q96PQ0, P17948, Q8NBJ7, Q9H4D0, Q6UWV6, P25445, P07911, Q86SR1, P23280, P49771, P35247, P14207, P13598, O14836, Q04900, Q6UWW8, Q9NS15, P36222, Q13093, Q8NBI3, P01589, P01588, Q6DN72, Q6UX82, P23276, Q01638, Q16363, O43291, Q15155, Q9Y6Y9, Q8N6Q3, Q6GTX8, P49763, P15509, Q8N608, Q9UMR7, Q9UP79, Q6YHK3, Q9Y5W5, Q6BAA4, P51888, P13688, P35475, P14778, P13686, P12111, P14780, O76061, Q15165, Q15043, P01138, P01137, P48307, P01135, Q99988, Q9H8J5, Q15166, Q86T13, Q9Y336, P02462, P01130, O00339, A6NI73, P04626, O00451, P15514, Q9BU40, O75077, P35590, P17813, P57087, Q01973, P28827, P40933, Q8WX77, Q9Y624, P06734, P56159, P07949, P36269, O76036, P15328, Q8NC01, Q16270, O14904, P42701, P42702, P15692, Q92932, P24158, Q8N423, P01033, P07711, A1L4H1, O43240, O75054, Q12918, Q9UHC6, Q6PCB0, P35052, O14917, Q96P31, Q9UBX7, Q16288, Q9H7M9, Q7Z6M3, Q9UQV4, O43570, Q9BQR3, Q9UHD0, Q9HBB8, Q9UKJ1, Q9UKJ0, Q12805, O43699, Q08345, P12034, Q5VY43, Q07011, Q8NFT8, Q9NRM6, P22079, Q9H4F8, P24394, Q9Y653, Q86VZ4, P52823, Q08334, O60911, Q06033, Q9H2A7, P18827, Q99650, P24387, P06731, P25116, Q99538, Q13478, Q9BZZ2, Q9BY76, P13747, Q96LA5, P20160, P13987, O43557, Q03431, P13500, P45452, Q13361, P20273, Q5T2D2, O94907, Q9C0C4, Q9HAV5, Q7Z5A7, Q13241, Q8IU54, Q8IU57, P48960, P03956, O75015, P12544, Q86SJ2, Q96GW7, Q9Y4L1, Q8TE57, Q96F46, Q9H156, Q8TE58, P08174, P46531, P22223, P55285, Q7Z7D3, P00533, Q8NCC3, P78380, Q16769, P15907, O43895, P13725, Q14108, P13726, Q6UWL6, Q9Y6Q6, Q969Z4, Q03405, Q01344, P20138, P02749, Q13261, Q16651, Q8NHL6, P02745, P25942, P21583, Q16653, Q9BZW8, P21589, Q13145, Q14112, P55291, Q96SM3, Q96I82, Q9HAT2, P22692, Q76LX8, Q14118, P10586, P13611, O75594, Q9NRJ3, P43121, O94813, Q7KYR7, Q6ZMJ2, P00797, P43489, Q14242, Q13275, Q14126, P55103, P15848, O75462, Q96AP7, Q5ZPR3, Q16552, Q96JA1, Q16790, Q96D42, Q96DU3, Q9BXY4, P78333, Q6EIG7, Q2MKA7, P35443, Q86U17, P35442, Q13291, Q02763, P33151, Q9GZM7, Q9UBP4, Q15116, Q9BWV1, P12318, O75326, Q9BYZ8, Q96LC7, Q9UMF0, O43854, Q9Y5K2, O43736, P11464, Q8WVQ1, Q6UX15, Q9H6B4, Q9NY25, Q9UEW3, P08069, P01215, Q14393, P26951, P02786, P48745, Q15485, P55259, Q08174, O94856, P39905, O15197, Q9Y6N7, O43508, P39900, Q9Y5L3, Q9NZV1, O43505, Q9NZ53, Q6UX27, P28907, P28908, Q9UBR2, Q02742, Q9UJA9, P28906, Q14162, P22004, P26842, P78423, P29017, Q3KPI0, O15123, Q6UXH1, Q15818, Q96GP6, Q9P0V8, Q96H15, Q06418, Q8TDL5, Q6ZMC9, Q92692, P39060, P98160, O95841, Q12794, O15496, P78410, Q8NBZ7, Q9H5V8, Q15828, Q96RD9, Q8IUN9, Q9H3R2, Q96J42, Q08708, P01903, Q9UHX3, P08571, O95727, P05187, P05067, P78324, Q8WXI7, P78325, Q8WXI8, O95971, O75888, Q14508, P16284, Q8TAD2, Q9NZQ7, P20774, P11717, O15031, P06127, P07339, Q13421, P78552, P78310, O94779, Q14515, P10747, P19440, P19320, Q13308, O43827, Q6UXG3, Q9UNE0, P21757, P19438, P04070, Q07954, P05164, P07585, O15389, P40259, Q9BXJ1, O95633, Q8TDQ0, Q8TDQ1, Q16820, O95998, O14594, Q14767, P36941, O43915, P35613, P00749, O60243, P01833, P22894, O60242, P43234, O75629, Q9NZK5, O75509, Q8IWV2, Q13444, P35968, Q96PD2, Q6WN34, P19021, P19022, O60259, Q9UJ71, Q9HB29, Q02487, P23515, O95407, P22304, Q6ZMH5, P22301, P29279, Q9NPY3, Q15517, Q13219, Q01151, Q9H3U7, P12830, P40189, Q9Y5C1, O60462, P01730, P20333, Q14435, Q16853, O15354, P12724, Q6UXK5, Q9BXN2, P24821, Q9UGT4, P08473, P00750, P09326, Q9BZR6, P08236 | G5: 889 | H5: 753 | I5: 1419 | J5: 1.1976615 | K5: 2.7053311e-21 | L5: 2.7053311e-21 | M5: 2.7031453e-21 | N5: =-LOG10(M5) -> 20.568131
A6: UP_KW_DOMAIN | B6: KW-0732~Signal | C6: 653 | D6: 71.9163 | E6: 2.0999193e-20 | F6: P32942, P26022, Q06141, P08833, O14793, P20718, P52798, P21802, Q8IZP9, P16581, B1AKI9, O14786, P05451, Q92854, Q96FE7, P28799, Q496F6, O95445, Q9UKU9, Q9Y279, P16109, P15018, Q08431, Q9HBG7, P16234, Q9BYF1, P21810, O60575, Q96KN2, P15260, P38484, Q9Y286, Q9ULX7, O14798, P28325, Q92956, P06756, P04216, Q9BYE9, Q9BQ51, P17405, Q8NBP7, P37023, P14384, P16562, O60542, O00292, Q92832, P24071, P54760, P07858, Q13822, P26010, Q07325, Q9NQX5, O00175, P08709, P18510, Q9NQ79, P19957, P18627, P20827, Q9UKX5, Q9H3G5, Q92823, Q92820, Q6UXD5, Q12860, P09603, Q12866, Q12864, O00220, Q8IYS5, O00585, Q96NZ8, O00584, Q8IX05, P18564, Q8IUK5, O00468, Q9BZM5, Q8N386, Q9Y4X3, P41217, Q969P0, O14625, P42785, Q8N149, P08648, Q9UM47, P51671, Q9NZC2, P80098, P29460, Q96NY8, P10721, Q9P0K1, P16278, P43628, Q9Y240, Q92520, P07204, Q9UKR0, P31997, Q9UHL4, Q6UXB2, O95498, Q2VWP7, O00241, P21709, Q07654, Q9NQ25, Q9NS68, P15151, P55808, P06681, Q92752, P05231, O14763, Q6NW40, Q92876, Q8WXD2, P30533, P51693, P09958, O95388, Q13740, Q14956, O00253, Q9NQ30, Q8IWL1, Q03167, Q8IWL2, P19883, P48061, P30530, P53634, Q9P0M4, P0CG37, O76096, P15289, Q9NQ38, Q9HCK4, Q8NBS9, P18428, P37173, O14773, P05362, Q86VB7, Q8N474, P05121, P04275, P29317, Q86WD7, P04155, O43155, P01241, P24001, O00548, Q9UHF1, O43278, P80188, P15529, P58499, Q9HCB6, P14555, P50895, O00300, O95274, O76076, P16860, Q99523, Q8WWY7, Q96PQ0, P17948, Q8NBJ7, P01236, Q9H4D0, Q6UWV6, P25445, P07911, P01591, Q6ISS4, P23280, P14209, P49771, P35247, P14207, P13598, P13236, P14210, Q04900, Q6UWW8, Q9NS15, P36222, Q9P0G3, Q13093, Q8NBI3, P01589, Q8TCZ2, P01588, Q6DN72, Q6UX82, Q8WU39, Q01638, Q16363, O43291, Q15155, Q9Y6Y9, Q8N6Q3, Q6GTX8, P49763, P15509, Q9UP79, Q6YHK3, Q9Y5W5, Q6BAA4, P51888, P13688, P35475, P14778, P13686, P12111, P14780, O76061, Q15165, P48304, Q15043, P01138, P01258, P01137, P48307, P01135, Q99988, Q9H8J5, Q15166, P24592, Q86T13, Q9Y336, P02462, P01130, O00339, A6NI73, P04626, O00451, P80075, P15514, Q9BU40, O75077, P14543, P35590, Q99731, P58294, P17813, P57087, P17936, Q01973, P28827, P40933, Q8WX77, O00626, Q9Y624, P56159, P07949, P59665, O76036, P15328, O00622, Q16270, O14904, P42701, P42702, P15692, Q92932, P24158, Q8N423, P01034, P01033, P07711, A1L4H1, O43240, Q9GZV9, O75054, Q7Z5L0, Q9UHC6, Q6PCB0, P35052, Q99674, O14917, Q96P31, Q9UBX7, Q16288, Q9H7M9, Q7Z6M3, Q9UQV4, O43570, Q9BQR3, Q9UHD0, Q9HBB8, Q9UKJ1, Q9UKJ0, Q12805, P80162, O43699, Q08345, P12034, Q5VY43, Q07011, Q8NFT8, Q9NRM6, Q8WTU2, P22079, Q9H4F8, P01178, P01298, P24394, Q9Y653, Q86VZ4, P52823, Q08334, O60911, Q06033, Q9H2A7, P18827, Q99650, P06850, P24387, P06731, P25116, Q99538, Q16627, Q13478, Q9BZZ2, Q9BY76, P13747, Q96LA5, P20160, Q6UWN8, P13987, P13501, Q03431, P13500, P11684, P45452, Q13361, P20273, Q5T2D2, O94907, Q9C0C4, Q7Z5A7, Q14210, P21246, P03950, Q8IU54, P47992, Q8IU57, P48960, P03956, O75015, P12544, Q86SJ2, Q96GW7, Q9Y4L1, Q8TE57, Q96F46, Q9H156, Q8TE58, P08174, Q9UBT3, P46531, P22223, P55285, Q7Z7D3, P00533, Q8NCC3, Q16769, O43895, P13725, Q14108, P13726, Q6UWL6, P18065, P10451, P12872, Q9Y6Q6, Q969Z4, Q03405, Q01344, P20138, P02749, Q03403, Q13261, Q16651, Q8NHL6, P02745, P25942, P21583, Q16653, Q9BZW8, P09238, P21589, Q13145, Q14112, P55291, Q96SM3, P09237, Q96I82, Q9HAT2, Q76M96, P22692, Q76LX8, Q14118, P10586, P13611, P35625, O75594, Q9NRJ3, Q9HD89, P43121, Q16663, O94813, Q7KYR7, P00797, P43489, Q14242, Q13275, P80303, Q14126, P55103, P15848, O75462, Q96AP7, Q5ZPR3, Q16552, Q96JA1, Q16674, Q16790, Q99969, Q99727, P02760, Q96D42, Q96DU3, Q9BXY4, P78333, Q2MKA7, P35443, Q86U17, P35442, Q8NI22, Q96PL1, Q13291, Q02763, P33151, Q9GZM7, Q9UBP4, Q15116, P35318, Q9BWV1, P12318, O75326, P20062, Q9BYZ8, Q96LC7, Q9UMF0, O43854, P13521, Q9Y5K2, P11464, Q6UX15, Q9H6B4, P08069, P01215, Q14393, P26951, P48745, Q15485, P55259, P23582, Q08174, O94856, P39905, O15197, P10147, Q9Y6N7, P39900, Q9NZV1, P10145, Q9NZ53, Q02747, Q6UX27, P28908, Q9UBR2, Q9UJA9, P28906, P02778, Q14162, P22004, P26842, P78423, P29017, Q3KPI0, O15123, O75787, Q6UXH1, Q15818, Q96GP6, Q9P0V8, Q96H15, Q06418, Q07507, Q8TDL5, Q6ZMC9, Q92692, P39060, P98160, Q9NSA1, P07237, P07478, O95841, Q12794, O15496, P78410, Q8NBZ7, Q9H5V8, Q15828, Q96RD9, Q9H3R2, Q96J42, Q08708, P01903, P05060, Q9UHX3, P08571, Q2TAL6, O95727, P05187, P05067, P78324, Q8WXI7, P78325, O95971, O15263, Q14508, P31431, P16284, Q8TAD2, Q9NZQ7, P20774, P21741, P78556, P11717, O15031, Q14512, P06127, P07339, Q13421, P78552, P78310, O94779, Q14515, P10747, P19320, Q13308, Q9Y2B0, O43827, Q6UXG3, Q9UNE0, P19438, P41222, P04070, Q9BUD6, Q07954, P05164, P07585, O15389, P40259, Q9BXJ1, O95633, O95994, P08118, Q8TDQ0, Q8TDQ1, Q16820, O95998, O14594, Q14767, P36941, O43915, P35613, P00749, P01833, P22894, O60242, P43234, Q9BSG5, O75629, Q9NZK5, O75509, Q8NHJ6, Q8IWV2, Q13444, P35968, Q49AH0, Q96PD2, Q6WN34, P19021, P19022, O43927, O60259, Q9HB29, Q02487, P23515, P09466, O95407, P08254, O15444, P22304, Q6ZMH5, P22301, P29279, Q9NPY3, Q15517, Q13219, Q9NP84, Q01151, Q9H3U7, P12830, P40189, Q9Y5C1, O60462, P01732, P01730, P41159, P20333, P55774, O15232, P55773, O15354, P12724, P41271, Q6UXK5, Q92583, O15467, P24821, Q9UGT4, P00995, P00750, P09326, Q13231, Q9BZR6, P08236 | G6: 815 | H6: 873 | I6: 1220 | J6: 1.1196987 | K6: 5.4597901e-19 | L6: 5.4597901e-19 | M6: 5.4597901e-19 | N6: =-LOG10(M6) -> 18.262824
A7: UP_SEQ_FEATURE | B7: TRANSMEM:Helical | C7: 362 | D7: 39.867841 | E7: 1.2144069e-12 | F7: Q13478, P32942, Q06141, Q9BZZ2, Q9Y2W6, P13747, Q96LA5, Q03431, P21802, Q8IZP9, P16581, P45452, O14786, P20273, Q5T2D2, Q9Y275, Q9C0C4, O14788, Q9HAV5, Q7Z5A7, Q13241, Q92854, Q96FE7, P08962, P27487, Q496F6, Q9UNK0, Q8IU57, Q9Y279, O75015, P16109, Q86SJ2, Q9H156, Q96F46, Q9HBG7, P16234, Q9BYF1, P15144, P15260, P38484, P30519, P46531, P22223, P55285, Q7Z7D3, Q9Y286, P00533, Q9ULX7, O14798, Q9UKV5, P78380, Q92956, P06756, Q14108, P13726, Q9BYE9, Q6UWL6, Q9BQ51, Q12846, P17405, Q9Y6Q6, Q969Z4, P37023, P14384, P20138, Q01344, Q13261, Q16651, Q8NHL6, P25942, Q9BZW8, P21583, Q16653, P21589, Q13145, P55291, O95466, Q76M96, P24071, P54760, Q13822, P26010, Q14118, P48023, P10586, Q9NQX5, P18627, Q9UKX5, P43121, Q7KYR7, Q92823, P43489, P04233, Q14242, Q6UXD5, Q14126, P09603, P07306, Q12866, Q12864, O00220, Q8IX05, P18564, Q8IUK5, O00468, Q96AP7, Q5ZPR3, P15291, Q96JA1, Q8N386, P41217, Q16790, Q969P0, Q8N149, P08648, Q9UM47, Q96D42, Q96DU3, Q9NZC2, Q96NY8, P32970, P10721, Q9P0K1, P43628, Q02763, Q13291, P33151, P07204, Q15116, Q9BWV1, Q6UXB4, P12318, P50591, Q10589, Q96LC7, Q2VWP7, O00241, Q9UMF0, P21709, P53985, Q9NQ25, Q9NS68, Q8WVQ1, Q6UX15, Q9H6B4, Q9NY25, P15151, P55808, Q9UEW3, P08069, O14763, P02786, P26951, O14523, P55259, P51693, P09958, Q08174, Q13740, O94856, Q14956, O15197, Q03167, Q9Y6N7, P30530, Q9Y5L3, Q9NZV1, Q9HCK4, Q9NZ53, Q6UX27, P28907, P37173, P28908, Q02742, Q9UJA9, P28906, P05362, Q14162, Q86VB7, P29317, P26842, O43155, P78423, O95831, P29017, O00548, Q3KPI0, O43278, P15529, O75787, Q9P0V8, Q96GP6, Q96H15, P50895, Q06418, Q99523, Q96PQ0, Q6ZMC9, O14828, Q92692, P17948, Q9H4D0, Q6UWV6, P25445, Q07065, P07911, P14209, P78410, P49771, Q14739, Q9H5V8, P13598, Q96RD9, Q8IUN9, Q9H3R2, Q96J42, O14836, Q04900, Q08708, P01903, Q9UHX3, Q8TCZ2, O95727, P01589, P05187, Q6DN72, P23276, P05067, Q01638, Q15155, O43291, P78324, Q8WXI7, P78325, Q6GTX8, Q8WXI8, O75888, P15509, Q9UMR7, Q8N608, P13688, P14778, P31431, P35237, P16284, Q15165, Q15043, P07332, Q9NZQ7, P01135, Q9H8J5, P01375, Q9Y336, P11717, Q86T13, O15031, P06127, P01130, P78552, A6NI73, P78310, P04626, P10747, P19440, P19320, Q13308, O95183, P15514, O75077, Q6UXG3, Q9UNE0, Q9Y3D6, P21757, P35590, P19438, P17813, P57087, Q07954, Q01973, P28827, O15389, P40259, Q9Y624, Q8TDQ0, P06734, Q8TDQ1, Q16820, P07949, O14594, P36941, O76036, P15328, P35613, Q8NC01, P42701, P42702, P01833, O60242, O60240, Q92932, Q8N423, O75509, Q8NHJ6, Q13444, P35968, Q96PD2, P19021, P19022, O75054, Q9UHC6, O43927, Q9HB29, O14917, Q02487, Q96P31, Q07812, Q86SF2, Q16288, Q9H7M9, Q6ZMH5, Q9HCU5, Q7Z6M3, Q9UQV4, Q13576, O43570, Q9NPY3, Q9HBB8, Q13219, Q9NP84, Q9UKJ1, Q9UKJ0, Q01151, P12830, O43699, Q08345, Q5VY43, Q07011, Q8NFT8, P40189, Q9NRM6, O60462, P01732, P01730, P20333, P24394, Q14435, Q9Y653, Q86VZ4, P18031, O43464, P41271, Q6UXK5, Q08334, Q9H2A7, P18827, Q99650, Q9BXN2, Q9UGT4, P08473, P09326, P25116, Q6P1M0 | G7: 889 | H7: 481 | I7: 1419 | J7: 1.2012797 | K7: 4.5089259e-09 | L7: 2.1967924e-09 | M7: 2.1950175e-09 | N7: =-LOG10(M7) -> 8.658562
A8: UP_SEQ_FEATURE | B8: TOPO_DOM:Extracellular | C8: 317 | D8: 34.911894 | E8: 1.7749467e-12 | F8: Q13478, P32942, Q9BZZ2, P13747, Q96LA5, O43557, Q03431, P21802, Q8IZP9, P16581, Q9NWQ8, O14786, P20273, Q5T2D2, Q9Y275, Q9C0C4, O14788, Q9HAV5, Q13241, Q92854, Q96FE7, P08962, P27487, Q496F6, Q8IU57, P48960, Q9Y279, P16109, Q86SJ2, Q9H156, Q96F46, Q9HBG7, P16234, Q9BYF1, P15144, P15260, P38484, P46531, P22223, P55285, Q7Z7D3, Q9Y286, P00533, Q9ULX7, P78380, Q92956, P06756, P13726, Q9BYE9, Q6UWL6, Q9BQ51, Q12846, Q9Y6Q6, Q969Z4, P37023, P20138, Q01344, Q13261, Q8NHL6, P25942, Q9BZW8, P21583, Q16653, Q13145, P55291, P24071, P54760, P26010, Q14118, P48023, P10586, Q5KU26, P18627, Q9UKX5, P43121, Q7KYR7, Q6ZMJ2, Q92823, P43489, P04233, Q14242, Q6UXD5, Q14126, P07306, Q12866, Q12864, O00220, Q8IX05, P18564, Q8IUK5, Q96AP7, Q5ZPR3, Q96JA1, Q8N386, P41217, Q16790, Q969P0, Q8N149, P08648, Q9UM47, Q96D42, Q96DU3, Q9NZC2, Q6EIG7, Q96NY8, P32970, P10721, Q9P0K1, P43628, Q02763, Q13291, P33151, P07204, Q12884, Q15116, Q9BWV1, Q6UXB4, P12318, P50591, Q10589, Q96LC7, Q2VWP7, O00241, Q9UMF0, P21709, P53985, Q9NQ25, Q9NS68, Q6UX15, Q9H6B4, Q9NY25, P15151, P55808, Q9UEW3, P08069, O14763, P02786, P26951, P51693, Q08174, Q13740, O94856, Q14956, O15197, Q03167, Q9Y6N7, O43508, P30530, Q9Y5L3, Q9NZV1, Q9HCK4, Q9NZ53, Q6UX27, P28907, P37173, P28908, P28906, P05362, Q14162, Q86VB7, P29317, P26842, O43155, P78423, P29017, O00548, Q3KPI0, P15529, O75787, Q9P0V8, Q96GP6, Q96H15, P50895, Q06418, Q99523, Q96PQ0, Q6ZMC9, Q92692, P17948, Q9H4D0, Q6UWV6, P25445, Q07065, P14209, P78410, P49771, Q9H5V8, P13598, Q96RD9, Q8IUN9, Q9H3R2, Q96J42, O14836, Q04900, Q08708, P01903, Q9UHX3, Q8TCZ2, O95727, P01589, Q6DN72, P23276, P05067, Q01638, Q15155, O43291, P78324, Q8WXI7, P78325, Q6GTX8, Q8WXI8, P15509, Q9UMR7, Q8N608, P13688, P14778, P31431, P16284, Q15043, Q9NZQ7, P01135, Q9H8J5, P01375, Q9Y336, Q86T13, O15031, P06127, P01130, P78552, A6NI73, P78310, P04626, P10747, P19440, P19320, Q13308, O75077, Q6UXG3, Q9UNE0, P21757, P35590, P19438, P17813, P57087, Q07954, Q01973, P28827, O15389, P40259, Q9Y624, Q8TDQ0, P06734, Q8TDQ1, Q16820, P07949, P36941, P36269, O76036, P35613, Q8NC01, P42701, P42702, P01833, O60242, Q92932, Q8N423, O75509, Q8NHJ6, Q13444, P35968, Q96PD2, P19022, Q12918, O75054, Q9UHC6, Q9HB29, O14917, Q02487, Q9UJ71, Q96P31, Q16288, Q9H7M9, Q6ZMH5, Q7Z6M3, O43570, Q9NPY3, Q9HBB8, Q9NP84, Q9UKJ1, Q9UKJ0, Q01151, P12830, O43699, Q08345, Q5VY43, Q07011, Q8NFT8, P40189, Q9NRM6, O60462, P01732, P01730, P20333, P24394, Q16853, O15354, Q9Y653, Q86VZ4, Q6UXK5, Q08334, Q9H2A7, P18827, Q99650, Q9BXN2, Q9UGT4, P08473, P25116 | G8: 889 | H8: 414 | I8: 1419 | J8: 1.2221923 | K8: 6.590254e-09 | L8: 2.1967924e-09 | M8: 2.1950175e-09 | N8: =-LOG10(M8) -> 8.658562
A9: GOTERM_CC_DIRECT | B9: GO:0016021~integral component of membrane | C9: 342 | D9: 37.665198 | E9: 2.1099224e-11 | F9: Q13478, P32942, Q06141, Q9BZZ2, Q9Y2W6, P13747, Q96LA5, O43557, Q03431, P21802, Q8IZP9, P16581, Q9NWQ8, P45452, O14786, P20273, Q5T2D2, Q9Y275, Q9C0C4, O14788, Q9HAV5, Q7Z5A7, Q13241, Q96FE7, P08962, P27487, Q496F6, Q9UNK0, Q8IU57, P48960, Q9Y279, O75015, P16109, Q86SJ2, Q9H156, Q9HBG7, Q9BYF1, P15144, P15260, P38484, P30519, P46531, P22223, P55285, Q7Z7D3, P00533, Q9ULX7, O14798, Q9UKV5, P78380, Q92956, P15907, Q14108, P13726, Q6UWL6, Q9BQ51, Q12846, P17405, Q9Y6Q6, Q969Z4, P37023, Q03405, P14384, P20138, Q01344, Q13261, Q16651, Q8NHL6, P25942, Q9BZW8, P21583, Q16653, P21589, Q13145, P55291, O95466, Q76M96, P24071, Q13822, Q14118, P48023, P10586, Q9NQX5, Q5KU26, P18627, Q9UKX5, P43121, Q92823, P04233, Q14242, Q6UXD5, Q14126, P09603, P07306, Q12866, Q12864, O00220, Q8IYS5, Q8IX05, Q8IUK5, O00468, Q96AP7, Q5ZPR3, P15291, Q96JA1, Q8N386, P41217, Q16790, Q969P0, P08648, Q9UM47, Q96D42, Q96DU3, Q9NZC2, P78333, Q6EIG7, Q96NY8, P32970, P10721, Q9P0K1, P43628, Q13291, P33151, Q7L5N7, Q12884, Q15116, Q6UXB4, P12318, P50591, Q10589, Q96LC7, Q2VWP7, O00241, Q9UMF0, P53985, Q9NQ25, Q9NS68, O43736, Q8WVQ1, Q6UX15, Q9H6B4, Q9NY25, P15151, P55808, Q9UEW3, P08069, O14763, P02786, P26951, O14523, P55259, P51693, P09958, Q08174, Q13740, O94856, Q14956, O15197, Q03167, P30530, Q9Y5L3, Q9NZV1, O43505, P15289, Q9HCK4, Q6UX27, P28907, P37173, P28908, Q02742, Q9UJA9, P28906, P05362, Q14162, Q86VB7, P78423, O95831, O00548, Q3KPI0, O43278, P15529, O75787, Q9P0V8, Q96GP6, Q96H15, P50895, O95274, Q06418, Q99523, Q96PQ0, Q6ZMC9, O14828, Q92692, P25445, Q07065, P07911, Q86SR1, P14209, P78410, P49771, Q8NBZ7, Q14739, Q9H5V8, P13598, Q8IUN9, Q9H3R2, Q96J42, Q04900, P01903, Q9UHX3, Q8TCZ2, O95727, P01589, P05187, P23276, P05067, Q01638, Q15155, O43291, Q8WXI7, P78325, Q6GTX8, Q8WXI8, O75888, Q9UMR7, Q8N608, P13688, P14778, P13686, P31431, P35237, Q15165, Q15043, P07332, Q9NZQ7, P01135, Q9H8J5, P01375, Q9Y336, P11717, Q86T13, P06127, P01130, P78552, A6NI73, P04626, P10747, P19440, P19320, P15514, O75077, Q6UXG3, Q9UNE0, P21757, P35590, P19438, P17813, P57087, Q07954, Q01973, P28827, O15389, P40259, Q9Y624, Q8TDQ0, P06734, Q8TDQ1, Q16820, P07949, O14594, P36941, P36269, O76036, P15328, P35613, Q8NC01, P42702, O60243, O60242, O60240, Q92932, Q8N423, O75509, Q8NHJ6, Q13444, Q6P4E1, Q96PD2, P19021, P19022, Q12918, O75054, Q9UHC6, O43927, O14917, Q02487, Q9UJ71, Q96P31, Q07812, Q86SF2, Q16288, P30838, Q9H7M9, Q6ZMH5, Q9HCU5, Q9UQV4, O43570, Q9NPY3, Q9HBB8, Q13219, Q9NP84, Q9UKJ1, Q01151, P12830, O43699, Q5VY43, Q07011, Q8NFT8, P40189, Q9NRM6, O60462, P01732, P01730, P20333, P24394, Q14435, Q16853, Q9Y653, Q86VZ4, P18031, O43464, Q6UXK5, Q08334, Q9H2A7, P18827, Q99650, Q9BXN2, P49788, Q9UGT4, P08473, P09326, P25116, Q6P1M0 | G9: 908 | H9: 458 | I9: 1459 | J9: 1.1998586 | K9: 1.1921067e-08 | L9: 5.9605307e-09 | M9: 5.9077826e-09 | N9: =-LOG10(M9) -> 8.2285755
A10: UP_SEQ_FEATURE | B10: TOPO_DOM:Cytoplasmic | C10: 343 | D10: 37.77533 | E10: 9.9284971e-12 | F10: Q13478, P32942, Q9BZZ2, P13747, Q96LA5, O43557, Q03431, P21802, Q8IZP9, P16581, Q9NWQ8, O14786, P20273, Q5T2D2, Q9Y275, Q9C0C4, O14788, Q9HAV5, Q13241, Q92854, Q96FE7, P08962, P27487, Q496F6, Q9UNK0, Q8IU57, P48960, Q9Y279, P16109, Q86SJ2, Q9H156, Q96F46, Q9HBG7, P16234, Q9BYF1, P15144, P15260, P38484, P30519, P46531, P22223, P55285, Q7Z7D3, Q9Y286, P00533, Q9ULX7, P78380, Q92956, P06756, P15907, Q14108, P13726, Q9BYE9, Q6UWL6, Q9BQ51, Q12846, Q9Y6Q6, Q969Z4, P37023, P20138, Q01344, Q13261, Q8NHL6, P25942, Q9BZW8, P21583, Q16653, Q13145, P55291, P24071, P54760, P26010, Q14118, P48023, P10586, Q5KU26, P18627, Q9UKX5, P43121, Q7KYR7, Q6ZMJ2, Q92823, P43489, P04233, Q14242, Q6UXD5, Q14126, P09603, P07306, Q12866, Q12864, O00220, Q8IX05, P18564, Q8IUK5, Q96AP7, Q5ZPR3, P15291, Q96JA1, Q8N386, P41217, Q16790, Q969P0, Q8N149, P08648, Q9UM47, Q96D42, Q96DU3, Q9NZC2, Q6EIG7, Q96NY8, P32970, P10721, Q9P0K1, P43628, Q02763, Q13291, P33151, Q7L5N7, P07204, Q12884, Q15116, Q9BWV1, Q6UXB4, P12318, P50591, Q10589, Q96LC7, Q2VWP7, O00241, Q9UMF0, P21709, P53985, Q9NQ25, Q9NS68, Q8WVQ1, Q6UX15, Q9H6B4, Q9NY25, P15151, P55808, Q9UEW3, P08069, O14763, P02786, P26951, O14523, P51693, P09958, Q08174, Q13740, O94856, Q14956, O15197, Q03167, Q9Y6N7, O43508, P30530, Q9Y5L3, Q9NZV1, O43505, Q9HCK4, Q9NZ53, Q6UX27, P28907, P37173, P28908, Q02742, P28906, P05362, Q14162, Q86VB7, P29317, P26842, O43155, P78423, P29017, O00548, Q3KPI0, P15529, O75787, Q9P0V8, Q96GP6, Q96H15, P50895, Q06418, Q99523, Q96PQ0, Q6ZMC9, O14828, Q92692, P17948, Q9H4D0, Q6UWV6, P25445, Q07065, Q86SR1, P14209, P78410, P49771, Q8NBZ7, Q9H5V8, P13598, Q96RD9, Q8IUN9, Q9H3R2, Q96J42, O14836, Q04900, Q08708, P01903, Q9UHX3, Q8TCZ2, O95727, P01589, Q6DN72, P23276, P05067, Q01638, Q15155, O43291, P78324, Q8WXI7, P78325, Q6GTX8, Q8WXI8, P15509, Q9UMR7, Q8N608, P13688, P14778, P31431, P16284, Q15043, Q9NZQ7, P01135, Q9H8J5, P01375, Q9Y336, P11717, Q86T13, O15031, P06127, P01130, P78552, A6NI73, P78310, P04626, P10747, P19440, P19320, Q13308, O95183, O75077, Q6UXG3, Q9UNE0, Q9Y3D6, P21757, P35590, P19438, P17813, P57087, Q07954, Q01973, P28827, O15389, P40259, Q9Y624, Q8TDQ0, P06734, Q8TDQ1, Q16820, P07949, P36941, P36269, O76036, P35613, Q8NC01, P42701, P42702, O60243, P01833, O60242, Q92932, Q8N423, O75509, Q8NHJ6, Q13444, P35968, Q6P4E1, Q96PD2, P19021, P19022, Q12918, O75054, Q9UHC6, Q9HB29, O14917, Q02487, Q9UJ71, Q96P31, Q86SF2, Q16288, Q9H7M9, Q6ZMH5, Q9HCU5, Q7Z6M3, Q9UQV4, O43570, Q9NPY3, Q9HBB8, Q9NP84, Q9UKJ1, Q9UKJ0, Q01151, P12830, O43699, Q08345, Q5VY43, Q07011, Q8NFT8, P40189, Q9NRM6, O60462, P01732, P01730, P20333, P24394, Q14435, Q16853, O15354, Q9Y653, Q86VZ4, Q6UXK5, Q08334, Q9H2A7, P18827, Q99650, Q9BXN2, P49788, Q9UGT4, P08473, P25116 | G10: 889 | H10: 456 | I10: 1419 | J10: 1.200632 | K10: 3.6864529e-08 | L10: 9.2161274e-09 | M10: 9.2086811e-09 | N10: =-LOG10(M10) -> 8.0358026
A11: GOTERM_CC_DIRECT | B11: GO:0005887~integral component of plasma membrane | C11: 176 | D11: 19.38326 | E11: 1.3419847e-08 | F11: O43155, P32942, P29017, O00548, Q96LA5, P15529, Q03431, P50895, P21802, Q8IZP9, Q06418, Q96PQ0, P16581, P17948, O14786, P20273, Q9C0C4, O14788, Q9HAV5, Q92854, Q6UWV6, Q13241, P08962, Q9UNK0, Q8IU57, P48960, P14209, O75015, P16109, P13598, Q96RD9, Q96F46, O14836, P16234, Q04900, Q08708, P01903, Q9UHX3, P15260, P38484, Q6DN72, Q9Y286, P00533, P05067, P78380, P78324, P78325, P06756, P04216, P15509, Q9UMR7, P13726, Q6BAA4, Q6UWL6, P13688, P14778, P31431, P37023, Q03405, P20138, P16284, P25942, Q15043, P01375, Q9Y336, P11717, O15031, P06127, P01130, P24071, P54760, P78310, P04626, P48023, P10747, P10586, P19320, Q13308, O95183, O75077, P21757, P35590, P19438, P57087, Q07954, Q01973, P28827, Q7KYR7, Q6ZMJ2, Q92823, P40259, P43489, Q9BXJ1, Q14242, Q13275, P06734, P07306, Q16820, Q12866, P07949, O76036, P35613, Q8NC01, P42702, O60243, P01833, O60242, P41217, Q92932, Q8N149, Q8N423, O75509, P35968, Q9NZC2, Q96PD2, P19022, P32970, P10721, Q9HB29, O14917, Q02763, Q96P31, P43628, Q16288, P07204, Q6ZMH5, Q7Z6M3, Q9BWV1, Q6UXB4, O75326, P12318, Q9HBB8, Q9UKJ0, P50591, Q01151, O00241, Q9UMF0, P21709, O43699, Q08345, Q07011, P53985, Q9NRM6, Q9NY25, P55808, Q9UEW3, O60462, P08069, P01732, P02786, P01730, P24394, Q08174, Q13740, O15354, O94856, Q14956, O15197, Q9Y653, Q03167, Q9Y6N7, Q08334, O43508, P30530, Q9NZ53, P37173, P18827, P28906, P05362, P08473, Q86VB7, P29317, P06731, P25116, Q9BZR6, P26842 | G11: 908 | H11: 223 | I11: 1459 | J11: 1.2681693 | K11: 7.582185e-06 | L11: 1.8955534e-06 | M11: 1.8787786e-06 | N11: =-LOG10(M11) -> 5.7261244
A12: INTERPRO | B12: IPR013783:Immunoglobulin-like fold | C12: 181 | D12: 19.933921 | E12: 1.4324455e-08 | F12: O43155, P32942, Q13478, P29017, Q9BZZ2, Q3KPI0, O43278, P13747, Q96LA5, Q9P0V8, Q96H15, P50895, P21802, Q06418, Q96PQ0, Q6ZMC9, Q92692, P17948, P20273, Q5T2D2, Q9C0C4, P98160, Q92854, Q496F6, Q6ISS4, Q8IU57, P78410, Q9Y279, O75015, Q86SJ2, P13598, Q96GW7, Q96RD9, Q9HBG7, P16234, Q08708, P01903, P15260, P38484, O95727, Q7Z7D3, Q6DN72, Q9Y286, Q01638, Q15155, P78324, Q6GTX8, O95971, P04216, P15509, Q6YHK3, P13726, Q6BAA4, Q6UWL6, Q9BQ51, P13688, P35475, Q12968, P14778, P12111, P20138, Q01344, P16284, Q8NHL6, Q9BZW8, Q9NZQ7, Q16653, Q9Y336, Q96I82, O15031, P78552, P24071, A6NI73, P54760, O94779, P78310, Q14118, P10747, P10586, P19320, Q13308, P13611, Q6UXG3, P35590, P18627, P57087, Q01973, P43121, P28827, Q7KYR7, O15389, Q92823, P40259, Q8WX77, Q13275, Q8TDQ0, Q9Y624, Q12860, Q8TDQ1, Q12866, O95998, O14594, Q8IYS5, O76036, Q96NZ8, O75462, P35613, Q96AP7, Q16270, P42701, P42702, Q5ZPR3, P01833, Q96JA1, P41217, Q969P0, Q8N149, Q8N423, Q8NHJ6, Q8IWV2, Q96D42, Q96DU3, Q9Y478, P35968, Q9NZC2, P29460, Q96NY8, P10721, O75054, Q6PCB0, Q9HB29, Q02763, Q13291, Q96P31, P43628, Q16288, Q9H7M9, P31997, Q7Z6M3, Q15116, Q9BWV1, O75326, P12318, Q9UKJ1, Q9UKJ0, Q96LC7, Q2VWP7, Q01151, O00241, Q9UMF0, P21709, O43699, Q9NQ25, P11464, P40189, Q9H6B4, P15151, P08069, Q92752, P01732, P01730, P26951, P24394, Q13740, O94856, Q14956, O15197, Q86VZ4, Q6UXK5, Q9Y6N7, Q08334, P30530, Q9HCK4, Q6UX27, Q99650, P24821, P05362, P29317, P09326, P06731, P08236 | G12: 892 | H12: 230 | I12: 1430 | J12: 1.2616007 | K12: 1.6644878e-05 | L12: 1.6645017e-05 | M12: 1.6602043e-05 | N12: =-LOG10(M12) -> 4.7798385
A13: UP_KW_DOMAIN | B13: KW-1133~Transmembrane helix | C13: 385 | D13: 42.400881 | E13: 9.0041316e-07 | F13: P32942, Q06141, Q9Y2W6, P21802, Q8IZP9, P16581, O14786, Q9Y275, O14788, Q92854, Q96FE7, P08962, Q496F6, P27487, Q9Y279, P16109, Q9HBG7, P16234, Q9BYF1, P15144, P15260, P38484, P30519, Q9Y286, Q9ULX7, O14798, Q9UKV5, Q92956, P06756, Q9BYE9, Q9BQ51, Q12846, P17405, P37023, P14384, O95466, P24071, P54760, Q13822, P26010, P48023, Q9NQX5, Q5KU26, P18627, Q9UKX5, Q92823, P04233, Q6UXD5, P09603, P07306, Q12866, Q12864, O00220, Q8IYS5, Q8IX05, P18564, Q8IUK5, O00468, P15291, Q8N386, P41217, Q969P0, Q8N149, P08648, Q9UM47, Q9NZC2, Q96NY8, P32970, P10721, Q9P0K1, P43628, P07204, Q12884, Q6UXB4, P50591, Q10589, Q2VWP7, O00241, P21709, P53985, Q9NQ25, Q9NS68, P15151, P55808, O14763, O14523, P51693, P09958, Q13740, Q14956, Q03167, P30530, Q9HCK4, P37173, P05362, Q86VB7, P29317, O43155, O00548, O43278, P15529, P50895, Q99523, Q96PQ0, O14828, P17948, Q9H4D0, Q6UWV6, P25445, Q07065, P07911, Q86SR1, P14209, P49771, P13598, O14836, Q04900, P01589, Q8TCZ2, Q6DN72, P23276, Q01638, O43291, Q15155, Q6GTX8, P15509, Q8N608, Q9UMR7, P13688, P14778, P35237, Q15165, Q15043, P01135, Q9H8J5, P01375, Q86T13, Q9Y336, P01130, A6NI73, P04626, P15514, O95183, O75077, P35590, P17813, P57087, Q01973, P28827, Q9Y624, P06734, P07949, P36269, O76036, P15328, Q8NC01, P42701, P42702, Q92932, Q8N423, Q6P4E1, O75054, Q12918, Q9UHC6, O14917, Q96P31, Q16288, Q9H7M9, Q7Z6M3, Q9UQV4, O43570, Q9HBB8, Q9UKJ1, Q9UKJ0, O43699, Q08345, Q5VY43, Q07011, Q8NFT8, Q9NRM6, P24394, Q9Y653, Q86VZ4, O43464, Q08334, Q9H2A7, P18827, Q99650, P49788, P25116, Q13478, Q9BZZ2, P13747, Q96LA5, O43557, Q03431, Q9NWQ8, P45452, P20273, Q5T2D2, Q9C0C4, Q9HAV5, Q7Z5A7, Q13241, Q9UNK0, Q8IU57, P48960, O75015, Q86SJ2, Q96F46, Q9H156, P46531, P22223, P55285, Q7Z7D3, P00533, P78380, P15907, Q14108, P13726, Q6UWL6, Q9Y6Q6, Q969Z4, Q01344, P20138, Q13261, Q16651, Q8NHL6, P25942, P21583, Q16653, Q9BZW8, P21589, Q13145, P55291, Q76M96, Q14118, P10586, P43121, Q7KYR7, Q6ZMJ2, P43489, Q14242, Q14126, Q96AP7, Q5ZPR3, Q96JA1, Q16790, Q96D42, Q96DU3, Q6EIG7, Q13291, Q02763, P33151, Q7L5N7, Q15116, Q9BWV1, P12318, Q96LC7, Q9UMF0, O43736, Q8WVQ1, Q6UX15, Q9H6B4, Q9NY25, Q9UEW3, P08069, P26951, P02786, P55259, Q08174, O94856, O15197, Q9Y6N7, O43508, Q9Y5L3, Q9NZV1, O43505, Q9NZ53, Q6UX27, P28907, P28908, Q02742, Q9UJA9, P28906, Q14162, P26842, P78423, O95831, P29017, Q3KPI0, O75787, Q96GP6, Q9P0V8, Q96H15, Q06418, Q6ZMC9, Q92692, P78410, Q8NBZ7, Q9H5V8, Q14739, Q96RD9, Q8IUN9, Q9H3R2, Q96J42, Q08708, P01903, Q9UHX3, O95727, P05187, P05067, P78324, Q8WXI7, P78325, Q8WXI8, O75888, P31431, P16284, P07332, Q9NZQ7, P11717, O15031, P06127, P78552, P78310, P10747, P19440, P19320, Q13308, Q6UXG3, Q9UNE0, P21757, Q9Y3D6, P19438, Q07954, O15389, P40259, Q8TDQ0, Q8TDQ1, Q16820, O14594, P36941, P35613, O60243, P01833, O60242, O60240, O75509, Q8NHJ6, Q13444, P35968, Q96PD2, P19021, P19022, O43927, Q9UJ71, Q9HB29, Q02487, Q07812, Q86SF2, Q6ZMH5, Q9HCU5, Q13576, Q9NPY3, Q13219, Q9NP84, Q01151, P12830, P40189, O60462, P01732, P01730, P20333, Q14435, Q16853, O15354, P18031, P41271, Q6UXK5, Q9BXN2, Q9UGT4, P08473, P09326, Q6P1M0 | G13: 815 | H13: 517 | I13: 1220 | J13: 1.114737 | K13: 2.3410479e-05 | L13: 7.8035807e-06 | M13: 7.8035807e-06 | N13: =-LOG10(M13) -> 5.1077061
A14: UP_KW_DOMAIN | B14: KW-0812~Transmembrane | C14: 385 | D14: 42.400881 | E14: 9.0041316e-07 | F14: P32942, Q06141, Q9Y2W6, P21802, Q8IZP9, P16581, O14786, Q9Y275, O14788, Q92854, Q96FE7, P08962, Q496F6, P27487, Q9Y279, P16109, Q9HBG7, P16234, Q9BYF1, P15144, P15260, P38484, P30519, Q9Y286, Q9ULX7, O14798, Q9UKV5, Q92956, P06756, Q9BYE9, Q9BQ51, Q12846, P17405, P37023, P14384, O95466, P24071, P54760, Q13822, P26010, P48023, Q9NQX5, Q5KU26, P18627, Q9UKX5, Q92823, P04233, Q6UXD5, P09603, P07306, Q12866, Q12864, O00220, Q8IYS5, Q8IX05, P18564, Q8IUK5, O00468, P15291, Q8N386, P41217, Q969P0, Q8N149, P08648, Q9UM47, Q9NZC2, Q96NY8, P32970, P10721, Q9P0K1, P43628, P07204, Q12884, Q6UXB4, P50591, Q10589, Q2VWP7, O00241, P21709, P53985, Q9NQ25, Q9NS68, P15151, P55808, O14763, O14523, P51693, P09958, Q13740, Q14956, Q03167, P30530, Q9HCK4, P37173, P05362, Q86VB7, P29317, O43155, O00548, O43278, P15529, P50895, Q99523, Q96PQ0, O14828, P17948, Q9H4D0, Q6UWV6, P25445, Q07065, P07911, Q86SR1, P14209, P49771, P13598, O14836, Q04900, P01589, Q8TCZ2, Q6DN72, P23276, Q01638, O43291, Q15155, Q6GTX8, P15509, Q8N608, Q9UMR7, P13688, P14778, P35237, Q15165, Q15043, P01135, Q9H8J5, P01375, Q86T13, Q9Y336, P01130, A6NI73, P04626, P15514, O95183, O75077, P35590, P17813, P57087, Q01973, P28827, Q9Y624, P06734, P07949, P36269, O76036, P15328, Q8NC01, P42701, P42702, Q92932, Q8N423, Q6P4E1, O75054, Q12918, Q9UHC6, O14917, Q96P31, Q16288, Q9H7M9, Q7Z6M3, Q9UQV4, O43570, Q9HBB8, Q9UKJ1, Q9UKJ0, O43699, Q08345, Q5VY43, Q07011, Q8NFT8, Q9NRM6, P24394, Q9Y653, Q86VZ4, O43464, Q08334, Q9H2A7, P18827, Q99650, P49788, P25116, Q13478, Q9BZZ2, P13747, Q96LA5, O43557, Q03431, Q9NWQ8, P45452, P20273, Q5T2D2, Q9C0C4, Q9HAV5, Q7Z5A7, Q13241, Q9UNK0, Q8IU57, P48960, O75015, Q86SJ2, Q96F46, Q9H156, P46531, P22223, P55285, Q7Z7D3, P00533, P78380, P15907, Q14108, P13726, Q6UWL6, Q9Y6Q6, Q969Z4, Q01344, P20138, Q13261, Q16651, Q8NHL6, P25942, P21583, Q16653, Q9BZW8, P21589, Q13145, P55291, Q76M96, Q14118, P10586, P43121, Q7KYR7, Q6ZMJ2, P43489, Q14242, Q14126, Q96AP7, Q5ZPR3, Q96JA1, Q16790, Q96D42, Q96DU3, Q6EIG7, Q13291, Q02763, P33151, Q7L5N7, Q15116, Q9BWV1, P12318, Q96LC7, Q9UMF0, O43736, Q8WVQ1, Q6UX15, Q9H6B4, Q9NY25, Q9UEW3, P08069, P26951, P02786, P55259, Q08174, O94856, O15197, Q9Y6N7, O43508, Q9Y5L3, Q9NZV1, O43505, Q9NZ53, Q6UX27, P28907, P28908, Q02742, Q9UJA9, P28906, Q14162, P26842, P78423, O95831, P29017, Q3KPI0, O75787, Q96GP6, Q9P0V8, Q96H15, Q06418, Q6ZMC9, Q92692, P78410, Q8NBZ7, Q9H5V8, Q14739, Q96RD9, Q8IUN9, Q9H3R2, Q96J42, Q08708, P01903, Q9UHX3, O95727, P05187, P05067, P78324, Q8WXI7, P78325, Q8WXI8, O75888, P31431, P16284, P07332, Q9NZQ7, P11717, O15031, P06127, P78552, P78310, P10747, P19440, P19320, Q13308, Q6UXG3, Q9UNE0, P21757, Q9Y3D6, P19438, Q07954, O15389, P40259, Q8TDQ0, Q8TDQ1, Q16820, O14594, P36941, P35613, O60243, P01833, O60242, O60240, O75509, Q8NHJ6, Q13444, P35968, Q96PD2, P19021, P19022, O43927, Q9UJ71, Q9HB29, Q02487, Q07812, Q86SF2, Q6ZMH5, Q9HCU5, Q13576, Q9NPY3, Q13219, Q9NP84, Q01151, P12830, P40189, O60462, P01732, P01730, P20333, Q14435, Q16853, O15354, P18031, P41271, Q6UXK5, Q9BXN2, Q9UGT4, P08473, P09326, Q6P1M0 | G14: 815 | H14: 517 | I14: 1220 | J14: 1.114737 | K14: 2.3410479e-05 | L14: 7.8035807e-06 | M14: 7.8035807e-06 | N14: =-LOG10(M14) -> 5.1077061
... A27: KEGG_PATHWAY | B27: hsa04060:Cytokine-cytokine receptor interaction | C27: 115 | D27: 12.665198 | E27: 0.00025353494 | F27: P78423, Q13478, P01241, Q16627, P24001, O14793, O43557, P13501, O00300, P13500, Q9Y275, P01236, O14788, Q9HAV5, P25445, Q8IU54, Q8IU57, P47992, P15018, P13236, Q96F46, O14836, P15260, P38484, P01589, P01588, O14798, Q01638, P01584, Q92956, O75888, P15509, P13725, P14778, Q9Y6Q6, Q969Z4, P37023, Q01344, Q8TAD2, Q13261, P25942, P01138, P01137, Q99988, P01375, P78556, Q14116, P78552, P48023, Q07325, P80075, O00175, P18510, Q9UNE0, P19438, Q99731, Q9NRJ3, Q16663, P40933, P43489, Q14005, P09603, O00626, P55103, O00220, P36941, O00585, P42701, P42702, Q16552, Q9Y4X3, O14625, O75509, P51671, P80098, P29460, P32970, O43927, Q9HB29, O95407, O15444, P22301, Q6UXB2, Q9UHD0, Q9NP84, P50591, P80162, Q07011, Q9NS68, P40189, Q9NRM6, O14763, P05231, P01730, P26951, P41159, P20333, P24394, P55774, P55773, P10147, Q08334, O43508, P48061, Q9P0M4, P10145, Q9H2A7, P37173, P28908, Q92583, Q99650, O15467, P02778, P22004, P26842 | G27: 556 | H27: 154 | I27: 902 | J27: 1.2114594 | K27: 0.073248785 | L27: 0.076060482 | M27: 0.076060482 | N27: =-LOG10(M27) -> 1.1188409

Sheet SI Table 5 Stability Selection 
A1: Stably Selected Variable | B1: Variable Name | C1: Model | D1: Model Type | E1: Outcome | F1: Effect Size | G1: Std.Dev | H1: hdi_3. | I1: hdi_97. | J1: mcse_mean | K1: mcse_sd | L1: ess_bulk | M1: ess_tail | N1: r_hat
A2: age | B2: =A2 -> age | C2: PPP_mortality | D2: Prexisting_Conditions+Biomakers | E2: All-Cause Mortality | F2: 0.255 | G2: 0.026 | H2: 0.205 | I2: 0.301 | J2: 0 | K2: 0 | L2: 5404 | M2: 3366 | N2: 1
A3: age_sex | B3: =A3 -> age_sex | C3: PPP_mortality | D3: Prexisting_Conditions+Biomakers | E3: All-Cause Mortality | F3: 0.125 | G3: 0.029 | H3: 0.068 | I3: 0.176 | J3: 0 | K3: 0 | L3: 6896 | M3: 3438 | N3: 1
A4: 316 | B4: =A4 -> 316 | C4: PPP_mortality | D4: Prexisting_Conditions+Biomakers | E4: All-Cause Mortality | F4: 0.416 | G4: 0.081 | H4: 0.266 | I4: 0.565 | J4: 0.001 | K4: 0.001 | L4: 7907 | M4: 3054 | N4: 1
A5: 411.2 | B5: =A5 -> 411.2 | C5: PPP_mortality | D5: Prexisting_Conditions+Biomakers | E5: All-Cause Mortality | F5: 0.267 | G5: 0.052 | H5: 0.17 | I5: 0.36 | J5: 0.001 | K5: 0 | L5: 8574 | M5: 3007 | N5: 1
A6: 433.21 | B6: =A6 -> 433.21 | C6: PPP_mortality | D6: Prexisting_Conditions+Biomakers | E6: All-Cause Mortality | F6: 0.385 | G6: 0.062 | H6: 0.264 | I6: 0.495 | J6: 0.001 | K6: 0 | L6: 11082 | M6: 2527 | N6: 1
A7: 496.21 | B7: =A7 -> 496.21 | C7: PPP_mortality | D7: Prexisting_Conditions+Biomakers | E7: All-Cause Mortality | F7: 0.291 | G7: 0.064 | H7: 0.17 | I7: 0.41 | J7: 0.001 | K7: 0.001 | L7: 7975 | M7: 3119 | N7: 1
A8: OID20756 | B8: AGER | C8: PPP_mortality | D8: Prexisting_Conditions+Biomakers | E8: All-Cause Mortality | F8: -0.216 | G8: 0.014 | H8: -0.244 | I8: -0.191 | J8: 0 | K8: 0 | L8: 8091 | M8: 2916 | N8: 1
A9: OID21463 | B9: ANGPT2 | C9: PPP_mortality | D9: Prexisting_Conditions+Biomakers | E9: All-Cause Mortality | F9: 0.063 | G9: 0.015 | H9: 0.035 | I9: 0.092 | J9: 0 | K9: 0 | L9: 8686 | M9: 3099 | N9: 1
A10: avg_drinking | B10: =A10 -> avg_drinking | C10: PPP_mortality | D10: Prexisting_Conditions+Biomakers | E10: All-Cause Mortality | F10: 0.036 | G10: 0.007 | H10: 0.022 | I10: 0.049 | J10: 0 | K10: 0 | L10: 9484 | M10: 2764 | N10: 1
A11: OID20998 | B11: BCAN | C11: PPP_mortality | D11: Prexisting_Conditions+Biomakers | E11: All-Cause Mortality | F11: -0.149 | G11: 0.015 | H11: -0.178 | I11: -0.122 | J11: 0 | K11: 0 | L11: 7952 | M11: 3238 | N11: 1
A12: OID21171 | B12: CEACAM5 | C12: PPP_mortality | D12: Prexisting_Conditions+Biomakers | E12: All-Cause Mortality | F12: 0.138 | G12: 0.014 | H12: 0.111 | I12: 0.162 | J12: 0 | K12: 0 | L12: 7786 | M12: 2786 | N12: 1
A13: digoxin | B13: =A13 -> digoxin | C13: PPP_mortality | D13: Prexisting_Conditions+Biomakers | E13: All-Cause Mortality | F13: 0.33 | G13: 0.089 | H13: 0.161 | I13: 0.498 | J13: 0.001 | K13: 0.001 | L13: 7786 | M13: 2693 | N13: 1
A14: OID21451 | B14: EDA2R | C14: PPP_mortality | D14: Prexisting_Conditions+Biomakers | E14: All-Cause Mortality | F14: 0.033 | G14: 0.02 | H14: -0.005 | I14: 0.07 | J14: 0 | K14: 0 | L14: 5778 | M14: 3397 | N14: 1
A15: OID20319 | B15: EGFR | C15: PPP_mortality | D15: Prexisting_Conditions+Biomakers | E15: All-Cause Mortality | F15: -0.133 | G15: 0.015 | H15: -0.161 | I15: -0.106 | J15: 0 | K15: 0 | L15: 7097 | M15: 3297 | N15: 1
A16: OID20251 | B16: GDF15 | C16: PPP_mortality | D16: Prexisting_Conditions+Biomakers | E16: All-Cause Mortality | F16: 0.138 | G16: 0.017 | H16: 0.107 | I16: 0.171 | J16: 0 | K16: 0 | L16: 7616 | M16: 2857 | N16: 1
A17: OID20656 | B17: HGF | C17: PPP_mortality | D17: Prexisting_Conditions+Biomakers | E17: All-Cause Mortality | F17: 0.114 | G17: 0.016 | H17: 0.082 | I17: 0.142 | J17: 0 | K17: 0 | L17: 7930 | M17: 2770 | N17: 1
A18: OID21266 | B18: HPGDS | C18: PPP_mortality | D18: Prexisting_Conditions+Biomakers | E18: All-Cause Mortality | F18: -0.111 | G18: 0.014 | H18: -0.138 | I18: -0.084 | J18: 0 | K18: 0 | L18: 8909 | M18: 3124 | N18: 1
A19: OID20596 | B19: KRT19 | C19: PPP_mortality | D19: Prexisting_Conditions+Biomakers | E19: All-Cause Mortality | F19: 0.101 | G19: 0.014 | H19: 0.075 | I19: 0.128 | J19: 0 | K19: 0 | L19: 9426 | M19: 2705 | N19: 1
A20: OID20254 | B20: LTBP2 | C20: PPP_mortality | D20: Prexisting_Conditions+Biomakers | E20: All-Cause Mortality | F20: 0.209 | G20: 0.018 | H20: 0.176 | I20: 0.242 | J20: 0 | K20: 0 | L20: 7153 | M20: 3024 | N20: 1
A21: OID21439 | B21: MMP12 | C21: PPP_mortality | D21: Prexisting_Conditions+Biomakers | E21: All-Cause Mortality | F21: 0.091 | G21: 0.014 | H21: 0.064 | I21: 0.117 | J21: 0 | K21: 0 | L21: 8107 | M21: 3105 | N21: 1
A22: OID20871 | B22: NEFL | C22: PPP_mortality | D22: Prexisting_Conditions+Biomakers | E22: All-Cause Mortality | F22: 0.216 | G22: 0.015 | H22: 0.186 | I22: 0.243 | J22: 0 | K22: 0 | L22: 7553 | M22: 2993 | N22: 1
A23: OID20125 | B23: NTproBNP | C23: PPP_mortality | D23: Prexisting_Conditions+Biomakers | E23: All-Cause Mortality | F23: 0.043 | G23: 0.015 | H23: 0.015 | I23: 0.07 | J23: 0 | K23: 0 | L23: 7527 | M23: 3610 | N23: 1
A24: pack_years | B24: =A24 -> pack_years | C24: PPP_mortality | D24: Prexisting_Conditions+Biomakers | E24: All-Cause Mortality | F24: 0.077 | G24: 0.01 | H24: 0.059 | I24: 0.095 | J24: 0 | K24: 0 | L24: 7598 | M24: 2790 | N24: 1
A25: PlateID_890000000216 | B25: =A25 -> PlateID_890000000216 | C25: PPP_mortality | D25: Prexisting_Conditions+Biomakers | E25: All-Cause Mortality | F25: 0.694 | G25: 0.195 | H25: 0.328 | I25: 1.058 | J25: 0.003 | K25: 0.002 | L25: 6073 | M25: 2995 | N25: 1
A26: thiamine_preparation | B26: =A26 -> thiamine_preparation | C26: PPP_mortality | D26: Prexisting_Conditions+Biomakers | E26: All-Cause Mortality | F26: 0.552 | G26: 0.113 | H26: 0.339 | I26: 0.758 | J26: 0.001 | K26: 0.001 | L26: 7244 | M26: 3239 | N26: 1
A27: tiotropium | B27: =A27 -> tiotropium | C27: PPP_mortality | D27: Prexisting_Conditions+Biomakers | E27: All-Cause Mortality | F27: 0.247 | G27: 0.106 | H27: 0.049 | I27: 0.443 | J27: 0.001 | K27: 0.001 | L27: 6893 | M27: 3244 | N27: 1
A28: OID21505 | B28: WFDC2 | C28: PPP_mortality | D28: Prexisting_Conditions+Biomakers | E28: All-Cause Mortality | F28: 0.055 | G28: 0.018 | H28: 0.022 | I28: 0.088 | J28: 0 | K28: 0 | L28: 5799 | M28: 3192 | N28: 1
A29: OID20346 | B29: ART3 | C29: PPP_full_cod_neurological | D29: Prexisting_Conditions+Biomakers | E29: neurological | F29: -0.336 | G29: 0.044 | H29: -0.415 | I29: -0.253 | J29: 0.001 | K29: 0 | L29: 4962 | M29: 2477 | N29: 1
A30: OID21416 | B30: ITGAV | C30: PPP_full_cod_neurological | D30: Prexisting_Conditions+Biomakers | E30: neurological | F30: -0.44 | G30: 0.042 | H30: -0.52 | I30: -0.359 | J30: 0.001 | K30: 0 | L30: 4829 | M30: 2824 | N30: 1
A31: OID20871 | B31: NEFL | C31: PPP_full_cod_neurological | D31: Prexisting_Conditions+Biomakers | E31: neurological | F31: 0.606 | G31: 0.03 | H31: 0.552 | I31: 0.663 | J31: 0 | K31: 0 | L31: 4298 | M31: 2891 | N31: 1
A32: age | B32: =A32 -> age | C32: PPP_full_cod_neurological | D32: Prexisting_Conditions+Biomakers | E32: neurological | F32: 0.633 | G32: 0.063 | H32: 0.514 | I32: 0.747 | J32: 0.001 | K32: 0.001 | L32: 1978 | M32: 2326 | N32: 1
A33: age | B33: =A33 -> age | C33: PPP_full_cod_neoplasms | D33: Prexisting_Conditions+Biomakers | E33: neoplasms | F33: 0.352 | G33: 0.039 | H33: 0.275 | I33: 0.421 | J33: 0.001 | K33: 0 | L33: 3091 | M33: 2695 | N33: 1
A34: age_sex | B34: =A34 -> age_sex | C34: PPP_full_cod_neoplasms | D34: Prexisting_Conditions+Biomakers | E34: neoplasms | F34: 0.167 | G34: 0.044 | H34: 0.089 | I34: 0.25 | J34: 0.001 | K34: 0 | L34: 5232 | M34: 3210 | N34: 1
A35: OID21171 | B35: CEACAM5 | C35: PPP_full_cod_neoplasms | D35: Prexisting_Conditions+Biomakers | E35: neoplasms | F35: 0.156 | G35: 0.021 | H35: 0.117 | I35: 0.196 | J35: 0 | K35: 0 | L35: 6893 | M35: 2746 | N35: 1
A36: OID21013 | B36: FUT3_FUT5 | C36: PPP_full_cod_neoplasms | D36: Prexisting_Conditions+Biomakers | E36: neoplasms | F36: 0.107 | G36: 0.023 | H36: 0.065 | I36: 0.148 | J36: 0 | K36: 0 | L36: 6587 | M36: 2787 | N36: 1
A37: OID20251 | B37: GDF15 | C37: PPP_full_cod_neoplasms | D37: Prexisting_Conditions+Biomakers | E37: neoplasms | F37: 0.196 | G37: 0.025 | H37: 0.148 | I37: 0.243 | J37: 0 | K37: 0 | L37: 6438 | M37: 2903 | N37: 1
A38: OID20090 | B38: GP2 | C38: PPP_full_cod_neoplasms | D38: Prexisting_Conditions+Biomakers | E38: neoplasms | F38: 0.108 | G38: 0.022 | H38: 0.07 | I38: 0.153 | J38: 0 | K38: 0 | L38: 6912 | M38: 2470 | N38: 1
A39: OID21422 | B39: HAVCR1 | C39: PPP_full_cod_neoplasms | D39: Prexisting_Conditions+Biomakers | E39: neoplasms | F39: 0.099 | G39: 0.024 | H39: 0.053 | I39: 0.142 | J39: 0 | K39: 0 | L39: 6041 | M39: 2954 | N39: 1
A40: OID20596 | B40: KRT19 | C40: PPP_full_cod_neoplasms | D40: Prexisting_Conditions+Biomakers | E40: neoplasms | F40: 0.101 | G40: 0.022 | H40: 0.059 | I40: 0.142 | J40: 0 | K40: 0 | L40: 7663 | M40: 2546 | N40: 1
A41: OID21439 | B41: MMP12 | C41: PPP_full_cod_neoplasms | D41: Prexisting_Conditions+Biomakers | E41: neoplasms | F41: 0.129 | G41: 0.025 | H41: 0.085 | I41: 0.176 | J41: 0 | K41: 0 | L41: 5641 | M41: 2343 | N41: 1
A42: pack_years | B42: =A42 -> pack_years | C42: PPP_full_cod_neoplasms | D42: Prexisting_Conditions+Biomakers | E42: neoplasms | F42: 0.137 | G42: 0.014 | H42: 0.11 | I42: 0.164 | J42: 0 | K42: 0 | L42: 7519 | M42: 2605 | N42: 1
A43: tamoxifen | B43: =A43 -> tamoxifen | C43: PPP_full_cod_neoplasms | D43: Prexisting_Conditions+Biomakers | E43: neoplasms | F43: 0.399 | G43: 0.225 | H43: 0.074 | I43: 0.873 | J43: 0.005 | K43: 0.004 | L43: 2082 | M43: 2207 | N43: 1
A44: OID21505 | B44: WFDC2 | C44: PPP_full_cod_neoplasms | D44: Prexisting_Conditions+Biomakers | E44: neoplasms | F44: 0.018 | G44: 0.025 | H44: -0.032 | I44: 0.061 | J44: 0 | K44: 0 | L44: 6731 | M44: 2595 | N44: 1
A45: age | B45: =A45 -> age | C45: PPP_full_cod_mental_disorders | D45: Prexisting_Conditions+Biomakers | E45: mental_disorders | F45: 0.628 | G45: 0.091 | H45: 0.462 | I45: 0.802 | J45: 0.003 | K45: 0.002 | L45: 1293 | M45: 2557 | N45: 1
A46: OID20998 | B46: BCAN | C46: PPP_full_cod_mental_disorders | D46: Prexisting_Conditions+Biomakers | E46: mental_disorders | F46: -0.47 | G46: 0.062 | H46: -0.578 | I46: -0.348 | J46: 0.001 | K46: 0.001 | L46: 3290 | M46: 3213 | N46: 1
A47: OID21247 | B47: GFAP | C47: PPP_full_cod_mental_disorders | D47: Prexisting_Conditions+Biomakers | E47: mental_disorders | F47: 0.65 | G47: 0.034 | H47: 0.589 | I47: 0.713 | J47: 0.001 | K47: 0 | L47: 2939 | M47: 2554 | N47: 1
A48: OID20871 | B48: NEFL | C48: PPP_full_cod_mental_disorders | D48: Prexisting_Conditions+Biomakers | E48: mental_disorders | F48: 0.599 | G48: 0.037 | H48: 0.531 | I48: 0.67 | J48: 0.001 | K48: 0 | L48: 3282 | M48: 3192 | N48: 1
A49: OID20912 | B49: PTPRN2 | C49: PPP_full_cod_mental_disorders | D49: Prexisting_Conditions+Biomakers | E49: mental_disorders | F49: -0.281 | G49: 0.06 | H49: -0.389 | I49: -0.164 | J49: 0.001 | K49: 0.001 | L49: 3903 | M49: 2906 | N49: 1
A50: OID20251 | B50: GDF15 | C50: PPP_full_cod_digestive | D50: Prexisting_Conditions+Biomakers | E50: digestive | F50: 0.565 | G50: 0.038 | H50: 0.491 | I50: 0.633 | J50: 0.001 | K50: 0.001 | L50: 2268 | M50: 2588 | N50: 1
A51: pack_years | B51: =A51 -> pack_years | C51: PPP_full_cod_digestive | D51: Prexisting_Conditions+Biomakers | E51: digestive | F51: 0.346 | G51: 0.031 | H51: 0.288 | I51: 0.402 | J51: 0.001 | K51: 0 | L51: 2913 | M51: 2452 | N51: 1
A52: 433.21 | B52: =A52 -> 433.21 | C52: PPP_full_cod_circulatory_system | D52: Prexisting_Conditions+Biomakers | E52: circulatory_system | F52: 0.688 | G52: 0.102 | H52: 0.484 | I52: 0.87 | J52: 0.001 | K52: 0.001 | L52: 7263 | M52: 2892 | N52: 1
A53: OID20998 | B53: BCAN | C53: PPP_full_cod_circulatory_system | D53: Prexisting_Conditions+Biomakers | E53: circulatory_system | F53: -0.195 | G53: 0.031 | H53: -0.249 | I53: -0.132 | J53: 0 | K53: 0 | L53: 6243 | M53: 3064 | N53: 1
A54: OID20622 | B54: CXCL17 | C54: PPP_full_cod_circulatory_system | D54: Prexisting_Conditions+Biomakers | E54: circulatory_system | F54: 0.186 | G54: 0.031 | H54: 0.129 | I54: 0.246 | J54: 0 | K54: 0 | L54: 5016 | M54: 2788 | N54: 1
A55: OID20251 | B55: GDF15 | C55: PPP_full_cod_circulatory_system | D55: Prexisting_Conditions+Biomakers | E55: circulatory_system | F55: 0.109 | G55: 0.037 | H55: 0.04 | I55: 0.18 | J55: 0.001 | K55: 0 | L55: 5308 | M55: 2859 | N55: 1
A56: HbA1c | B56: =A56 -> HbA1c | C56: PPP_full_cod_circulatory_system | D56: Prexisting_Conditions+Biomakers | E56: circulatory_system | F56: 0.109 | G56: 0.015 | H56: 0.081 | I56: 0.136 | J56: 0 | K56: 0 | L56: 5627 | M56: 2953 | N56: 1
A57: OID20438 | B57: LRRN1 | C57: PPP_full_cod_circulatory_system | D57: Prexisting_Conditions+Biomakers | E57: circulatory_system | F57: -0.247 | G57: 0.029 | H57: -0.302 | I57: -0.194 | J57: 0 | K57: 0 | L57: 6558 | M57: 2850 | N57: 1
A58: OID20254 | B58: LTBP2 | C58: PPP_full_cod_circulatory_system | D58: Prexisting_Conditions+Biomakers | E58: circulatory_system | F58: 0.237 | G58: 0.035 | H58: 0.173 | I58: 0.303 | J58: 0 | K58: 0 | L58: 5078 | M58: 3006 | N58: 1
A59: OID21439 | B59: MMP12 | C59: PPP_full_cod_circulatory_system | D59: Prexisting_Conditions+Biomakers | E59: circulatory_system | F59: 0.261 | G59: 0.031 | H59: 0.203 | I59: 0.321 | J59: 0 | K59: 0 | L59: 7621 | M59: 2908 | N59: 1
A60: OID20125 | B60: NTproBNP | C60: PPP_full_cod_circulatory_system | D60: Prexisting_Conditions+Biomakers | E60: circulatory_system | F60: 0.316 | G60: 0.027 | H60: 0.268 | I60: 0.368 | J60: 0 | K60: 0 | L60: 5707 | M60: 3056 | N60: 1
A61: OID20201 | B61: REN | C61: PPP_full_cod_circulatory_system | D61: Prexisting_Conditions+Biomakers | E61: circulatory_system | F61: 0.161 | G61: 0.026 | H61: 0.113 | I61: 0.207 | J61: 0 | K61: 0 | L61: 5797 | M61: 2682 | N61: 1
A62: sex | B62: =A62 -> sex | C62: PPP_full_cod_circulatory_system | D62: Prexisting_Conditions+Biomakers | E62: circulatory_system | F62: 0.711 | G62: 0.072 | H62: 0.58 | I62: 0.845 | J62: 0.002 | K62: 0.001 | L62: 1412 | M62: 2508 | N62: 1
A63: spironolactone | B63: =A63 -> spironolactone | C63: PPP_full_cod_circulatory_system | D63: Prexisting_Conditions+Biomakers | E63: circulatory_system | F63: 0.464 | G63: 0.154 | H63: 0.187 | I63: 0.762 | J63: 0.002 | K63: 0.001 | L63: 6441 | M63: 3024 | N63: 1
A64: warfarin | B64: =A64 -> warfarin | C64: PPP_full_cod_circulatory_system | D64: Prexisting_Conditions+Biomakers | E64: circulatory_system | F64: 0.181 | G64: 0.113 | H64: -0.049 | I64: 0.382 | J64: 0.001 | K64: 0.001 | L64: 6991 | M64: 3090 | N64: 1
A65: OID21505 | B65: WFDC2 | C65: PPP_full_cod_circulatory_system | D65: Prexisting_Conditions+Biomakers | E65: circulatory_system | F65: 0.069 | G65: 0.033 | H65: 0.007 | I65: 0.128 | J65: 0 | K65: 0 | L65: 4898 | M65: 3290 | N65: 1
A66: 496.21 | B66: =A66 -> 496.21 | C66: PPP_cod_respiratory | D66: Prexisting_Conditions+Biomakers | E66: respiratory | F66: 0.919 | G66: 0.145 | H66: 0.66 | I66: 1.2 | J66: 0.002 | K66: 0.002 | L66: 4349 | M66: 2917 | N66: 1
A67: OID20756 | B67: AGER | C67: PPP_cod_respiratory | D67: Prexisting_Conditions+Biomakers | E67: respiratory | F67: -0.388 | G67: 0.04 | H67: -0.467 | I67: -0.314 | J67: 0.001 | K67: 0 | L67: 4593 | M67: 2915 | N67: 1
A68: OID21357 | B68: AREG | C68: PPP_cod_respiratory | D68: Prexisting_Conditions+Biomakers | E68: respiratory | F68: 0.162 | G68: 0.043 | H68: 0.076 | I68: 0.238 | J68: 0.001 | K68: 0 | L68: 5643 | M68: 2978 | N68: 1
A69: OID20308 | B69: BPIFB1 | C69: PPP_cod_respiratory | D69: Prexisting_Conditions+Biomakers | E69: respiratory | F69: 0.188 | G69: 0.045 | H69: 0.103 | I69: 0.273 | J69: 0.001 | K69: 0 | L69: 5513 | M69: 3148 | N69: 1
A70: OID21401 | B70: CA14 | C70: PPP_cod_respiratory | D70: Prexisting_Conditions+Biomakers | E70: respiratory | F70: -0.257 | G70: 0.047 | H70: -0.341 | I70: -0.165 | J70: 0.001 | K70: 0.001 | L70: 4398 | M70: 3354 | N70: 1
A71: OID20319 | B71: EGFR | C71: PPP_cod_respiratory | D71: Prexisting_Conditions+Biomakers | E71: respiratory | F71: -0.269 | G71: 0.045 | H71: -0.351 | I71: -0.185 | J71: 0.001 | K71: 0 | L71: 4587 | M71: 2948 | N71: 1
A72: OID20251 | B72: GDF15 | C72: PPP_cod_respiratory | D72: Prexisting_Conditions+Biomakers | E72: respiratory | F72: 0.246 | G72: 0.048 | H72: 0.159 | I72: 0.338 | J72: 0.001 | K72: 0.001 | L72: 4443 | M72: 2658 | N72: 1
A73: OID20254 | B73: LTBP2 | C73: PPP_cod_respiratory | D73: Prexisting_Conditions+Biomakers | E73: respiratory | F73: 0.315 | G73: 0.046 | H73: 0.229 | I73: 0.402 | J73: 0.001 | K73: 0 | L73: 4720 | M73: 2918 | N73: 1
A74: pack_years | B74: =A74 -> pack_years | C74: PPP_cod_respiratory | D74: Prexisting_Conditions+Biomakers | E74: respiratory | F74: 0.122 | G74: 0.024 | H74: 0.077 | I74: 0.17 | J74: 0 | K74: 0 | L74: 5054 | M74: 2895 | N74: 1
A75: OID20214 | B75: SFTPD | C75: PPP_cod_respiratory | D75: Prexisting_Conditions+Biomakers | E75: respiratory | F75: 0.358 | G75: 0.047 | H75: 0.27 | I75: 0.445 | J75: 0.001 | K75: 0 | L75: 5336 | M75: 2815 | N75: 1
A76: spiriva_18micrograms_inhalation_capsule | B76: =A76 -> spiriva_18micrograms_inhalation_capsule | C76: PPP_cod_respiratory | D76: Prexisting_Conditions+Biomakers | E76: respiratory | F76: 0.873 | G76: 0.245 | H76: 0.432 | I76: 1.357 | J76: 0.003 | K76: 0.002 | L76: 5871 | M76: 3237 | N76: 1
A77: tiotropium | B77: =A77 -> tiotropium | C77: PPP_cod_respiratory | D77: Prexisting_Conditions+Biomakers | E77: respiratory | F77: 0.965 | G77: 0.19 | H77: 0.592 | I77: 1.309 | J77: 0.003 | K77: 0.002 | L77: 5112 | M77: 3219 | N77: 1
A78: OID21505 | B78: WFDC2 | C78: PPP_cod_respiratory | D78: Prexisting_Conditions+Biomakers | E78: respiratory | F78: 0.472 | G78: 0.045 | H78: 0.388 | I78: 0.556 | J78: 0.001 | K78: 0.001 | L78: 4079 | M78: 3235 | N78: 1
A79: OID20756 | B79: AGER | C79: PPP_alone_cod_respiratory | D79: Biomaker_Only | E79: respiratory | F79: -0.432 | G79: 0.042 | H79: -0.514 | I79: -0.355 | J79: 0.001 | K79: 0 | L79: 4064 | M79: 3049 | N79: 1
A80: OID21357 | B80: AREG | C80: PPP_alone_cod_respiratory | D80: Biomaker_Only | E80: respiratory | F80: 0.053 | G80: 0.046 | H80: -0.032 | I80: 0.138 | J80: 0.001 | K80: 0.001 | L80: 4510 | M80: 3179 | N80: 1
A81: OID20308 | B81: BPIFB1 | C81: PPP_alone_cod_respiratory | D81: Biomaker_Only | E81: respiratory | F81: 0.233 | G81: 0.046 | H81: 0.149 | I81: 0.32 | J81: 0.001 | K81: 0 | L81: 4389 | M81: 3217 | N81: 1
A82: OID21401 | B82: CA14 | C82: PPP_alone_cod_respiratory | D82: Biomaker_Only | E82: respiratory | F82: -0.343 | G82: 0.046 | H82: -0.421 | I82: -0.252 | J82: 0.001 | K82: 0.001 | L82: 3487 | M82: 3054 | N82: 1
A83: OID20241 | B83: CA4 | C83: PPP_alone_cod_respiratory | D83: Biomaker_Only | E83: respiratory | F83: -0.186 | G83: 0.044 | H83: -0.265 | I83: -0.103 | J83: 0.001 | K83: 0 | L83: 4923 | M83: 3139 | N83: 1
A84: OID21171 | B84: CEACAM5 | C84: PPP_alone_cod_respiratory | D84: Biomaker_Only | E84: respiratory | F84: 0.252 | G84: 0.043 | H84: 0.172 | I84: 0.335 | J84: 0.001 | K84: 0 | L84: 4129 | M84: 2739 | N84: 1
A85: OID21451 | B85: EDA2R | C85: PPP_alone_cod_respiratory | D85: Biomaker_Only | E85: respiratory | F85: 0.393 | G85: 0.06 | H85: 0.282 | I85: 0.503 | J85: 0.001 | K85: 0.001 | L85: 2904 | M85: 2589 | N85: 1
A86: OID20319 | B86: EGFR | C86: PPP_alone_cod_respiratory | D86: Biomaker_Only | E86: respiratory | F86: -0.192 | G86: 0.049 | H86: -0.284 | I86: -0.103 | J86: 0.001 | K86: 0.001 | L86: 4543 | M86: 3166 | N86: 1
A87: OID20251 | B87: GDF15 | C87: PPP_alone_cod_respiratory | D87: Biomaker_Only | E87: respiratory | F87: 0.147 | G87: 0.056 | H87: 0.047 | I87: 0.258 | J87: 0.001 | K87: 0.001 | L87: 3363 | M87: 2971 | N87: 1
A88: OID20398 | B88: IGFBP3 | C88: PPP_alone_cod_respiratory | D88: Biomaker_Only | E88: respiratory | F88: -0.162 | G88: 0.036 | H88: -0.223 | I88: -0.089 | J88: 0 | K88: 0 | L88: 5283 | M88: 3450 | N88: 1
A89: OID20254 | B89: LTBP2 | C89: PPP_alone_cod_respiratory | D89: Biomaker_Only | E89: respiratory | F89: 0.188 | G89: 0.048 | H89: 0.099 | I89: 0.283 | J89: 0.001 | K89: 0 | L89: 5172 | M89: 2777 | N89: 1
... A117: OID20251 | B117: GDF15 | C117: PPP_alone_cod_digestive | D117: Biomaker_Only | E117: digestive | F117: 0.598 | G117: 0.032 | H117: 0.539 | I117: 0.659 | J117: 0.001 | K117: 0 | L117: 2612 | M117: 2861 | N117: 1
A118: PlateID_890000000225 | B118: =A118 -> PlateID_890000000225 | C118: PPP_alone_cod_digestive | D118: Biomaker_Only | E118: digestive | F118: 4.291 | G118: 0.273 | H118: 3.77 | I118: 4.792 | J118: 0.005 | K118: 0.003 | L118: 3137 | M118: 2737 | N118: 1
A119: OID21294 | B119: ADGRG1 | C119: PPP_alone_cod_circulatory_system | D119: Biomaker_Only | E119: circulatory_system | F119: 0.093 | G119: 0.024 | H119: 0.049 | I119: 0.138 | J119: 0 | K119: 0 | L119: 6658 | M119: 3166 | N119: 1
A120: OID20189 | B120: ADGRG2 | C120: PPP_alone_cod_circulatory_system | D120: Biomaker_Only | E120: circulatory_system | F120: -0.17 | G120: 0.032 | H120: -0.23 | I120: -0.109 | J120: 0 | K120: 0 | L120: 6501 | M120: 2820 | N120: 1
A121: OID20756 | B121: AGER | C121: PPP_alone_cod_circulatory_system | D121: Biomaker_Only | E121: circulatory_system | F121: -0.235 | G121: 0.03 | H121: -0.288 | I121: -0.176 | J121: 0 | K121: 0 | L121: 5234 | M121: 3006 | N121: 1
A122: OID20998 | B122: BCAN | C122: PPP_alone_cod_circulatory_system | D122: Biomaker_Only | E122: circulatory_system | F122: -0.227 | G122: 0.031 | H122: -0.283 | I122: -0.165 | J122: 0 | K122: 0 | L122: 6019 | M122: 2976 | N122: 1
A123: OID20622 | B123: CXCL17 | C123: PPP_alone_cod_circulatory_system | D123: Biomaker_Only | E123: circulatory_system | F123: 0.251 | G123: 0.031 | H123: 0.195 | I123: 0.312 | J123: 0 | K123: 0 | L123: 5143 | M123: 3311 | N123: 1
A124: OID20251 | B124: GDF15 | C124: PPP_alone_cod_circulatory_system | D124: Biomaker_Only | E124: circulatory_system | F124: 0.038 | G124: 0.037 | H124: -0.032 | I124: 0.105 | J124: 0 | K124: 0 | L124: 5749 | M124: 3007 | N124: 1
A125: OID21408 | B125: HSPB6 | C125: PPP_alone_cod_circulatory_system | D125: Biomaker_Only | E125: circulatory_system | F125: 0.16 | G125: 0.032 | H125: 0.1 | I125: 0.219 | J125: 0 | K125: 0 | L125: 5279 | M125: 3058 | N125: 1
A126: OID20438 | B126: LRRN1 | C126: PPP_alone_cod_circulatory_system | D126: Biomaker_Only | E126: circulatory_system | F126: -0.18 | G126: 0.031 | H126: -0.238 | I126: -0.122 | J126: 0 | K126: 0 | L126: 6509 | M126: 2654 | N126: 1
A127: OID20254 | B127: LTBP2 | C127: PPP_alone_cod_circulatory_system | D127: Biomaker_Only | E127: circulatory_system | F127: 0.266 | G127: 0.034 | H127: 0.203 | I127: 0.331 | J127: 0 | K127: 0 | L127: 4963 | M127: 3146 | N127: 1
...

Sheet SI Table 6 Stability Selection 
A1: Protein Predictors of Fraility Index
A2: variable | B2: effect_size | C2: effect_size_2.5 | D2: effect_size_97.5
A3: Cholesterol | B3: -0.27354055 | C3: -0.30309472 | D3: -0.24398638
A4: CHRDL2 | B4: -0.22194496 | C4: -0.24987939 | D4: -0.19401053
A5: ART3 | B5: -0.20537446 | C5: -0.24042187 | D5: -0.17032705
A6: EGFR | B6: -0.19656652 | C6: -0.22785785 | D6: -0.16527519
A7: ODAM | B7: -0.19338206 | C7: -0.22024689 | D7: -0.16651723
A8: ADAMTS8 | B8: -0.17963511 | C8: -0.20916118 | D8: -0.15010904
A9: CA14 | B9: -0.17749439 | C9: -0.21093383 | D9: -0.14405496
A10: CA6 | B10: -0.12324858 | C10: -0.15277479 | D10: -0.09372237
A11: ITGA11 | B11: -0.11727748 | C11: -0.14721379 | D11: -0.087341173
A12: LRRN1 | B12: -0.091424372 | C12: -0.12166982 | D12: -0.061178929
A13: LGALS9 | B13: -0.063649029 | C13: -0.10198388 | D13: -0.025314179
A14: ADM | B14: -0.011382016 | C14: -0.049986288 | D14: 0.027222257
... A35: LEP | B35: 0.31468141 | C35: 0.27183447 | D35: 0.35752835

Sheet SI Table 7Xgboost Features
A1: Feature | B1: Gain | C1: Cover | D1: Frequency | E1: category | F1: model
A2: GDF15 | B2: 0.22018759 | C2: 0.066770654 | D2: 0.035190616 | E2: all | F2: xgboost
A3: age | B3: 0.15170884 | C3: 0.13090942 | D3: 0.079178886 | E3: all | F3: xgboost
A4: WFDC2 | B4: 0.10585238 | C4: 0.020083474 | D4: 0.008797654 | E4: all | F4: xgboost
A5: NEFL | B5: 0.036703786 | C5: 0.06528579 | D5: 0.061583578 | E5: all | F5: xgboost
A6: prev_cancer | B6: 0.024561725 | C6: 0.05288846 | D6: 0.038123167 | E6: all | F6: xgboost
A7: TNFRSF10B | B7: 0.023641605 | C7: 0.0097332864 | D7: 0.008797654 | E7: all | F7: xgboost
A8: EDA2R | B8: 0.022417528 | C8: 0.020714891 | D8: 0.014662757 | E8: all | F8: xgboost
A9: pack_years_smoking | B9: 0.01954306 | C9: 0.028179715 | D9: 0.023460411 | E9: all | F9: xgboost
A10: NTproBNP | B10: 0.015371682 | C10: 0.0086016008 | D10: 0.008797654 | E10: all | F10: xgboost
A11: LTBP2 | B11: 0.01401675 | C11: 0.012063295 | D11: 0.014662757 | E11: all | F11: xgboost
A12: AREG | B12: 0.01200149 | C12: 0.012541272 | D12: 0.011730205 | E12: all | F12: xgboost
A13: CEACAM5 | B13: 0.011996636 | C13: 0.01380317 | D13: 0.017595308 | E13: all | F13: xgboost
... A1255: PSMG3 | B1255: 0.00021932245 | C1255: 0.0022358626 | D1255: 0.0052910053 | E1255: digestive | F1255: xgboost

Sheet SI Table 8 Mortality Proteins D
A1: Olink_Assay | B1: preferredName | C1: annotation
A2: ADGRG1 | B2: GPR56 | C2: Adhesion G-protein coupled receptor G1; Receptor involved in cell adhesion and probably in cell- cell interactions. Mediates cell matrix adhesion in developing neurons and hematopoietic stem cells. Receptor for collagen III/COL3A1 in the developing brain and involved in regulation of cortical development, specifically in maintenance of the pial basement membrane integrity and in cortical lamination (By similarity). Binding to the COL3A1 ligand inhibits neuronal migration and activates the RhoA pathway by coupling to GNA13 and possibly GNA12. Plays a role in the maintenance of hematopoi [...]
A3: AGER | B3: AGER | C3: Advanced glycosylation end product-specific receptor; Mediates interactions of advanced glycosylation end products (AGE). These are nonenzymatically glycosylated proteins which accumulate in vascular tissue in aging and at an accelerated rate in diabetes. Acts as a mediator of both acute and chronic vascular inflammation in conditions such as atherosclerosis and in particular as a complication of diabetes. AGE/RAGE signaling plays an important role in regulating the production/expression of TNF- alpha, oxidative stress, and endothelial dysfunction in type 2 diabetes. Interaction with S [...]
A4: ANGPT2 | B4: ANGPT2 | C4: Angiopoietin-2; Binds to TEK/TIE2, competing for the ANGPT1 binding site, and modulating ANGPT1 signaling. Can induce tyrosine phosphorylation of TEK/TIE2 in the absence of ANGPT1. In the absence of angiogenic inducers, such as VEGF, ANGPT2-mediated loosening of cell-matrix contacts may induce endothelial cell apoptosis with consequent vascular regression. In concert with VEGF, it may facilitate endothelial cell migration and proliferation, thus serving as a permissive angiogenic signal; Fibrinogen C domain containing
A5: AREG | B5: AREG | C5: Amphiregulin; Ligand of the EGF receptor/EGFR. Autocrine growth factor as well as a mitogen for a broad range of target cells including astrocytes, Schwann cells and fibroblasts; Belongs to the amphiregulin family
A6: ART3 | B6: ART3 | C6: Ecto-adp-ribosyltransferase 3; ADP-ribosyltransferase 3
A7: BCAN | B7: BCAN | C7: Brevican core protein; May play a role in the terminally differentiating and the adult nervous system during postnatal development. Could stabilize interactions between hyaluronan (HA) and brain proteoglycans; C-type lectin domain containing
A8: BPIFB1 | B8: BPIFB1 | C8: BPI fold-containing family B member 1; May play a role in innate immunity in mouth, nose and lungs. Binds bacterial lipopolysaccharide (LPS) and modulates the cellular responses to LPS; Belongs to the BPI/LBP/Plunc superfamily. Plunc family
A9: CA14 | B9: CA14 | C9: Carbonic anhydrase 14; Reversible hydration of carbon dioxide; Carbonic anhydrases
A10: CEACAM5 | B10: CEACAM5 | C10: Carcinoembryonic antigen-related cell adhesion molecule 5; Cell surface glycoprotein that plays a role in cell adhesion and in intracellular signaling. Receptor for E.coli Dr adhesins; CD molecules
A11: CXCL17 | B11: CXCL17 | C11: C-X-C motif chemokine 17; Chemokine that acts as chemoattractant for monocytes, macrophages and dendritic cells. Plays a role in angiogenesis and possibly in the development of tumors. Acts as an anti-inflammatory in the stomach. May play a role in the innate defense against infections. Activates the C-X-C chemokine receptor GPR35 to induce a rapid and transient rise in the level of intracellular calcium ions
A12: EDA2R | B12: EDA2R | C12: Tumor necrosis factor receptor superfamily member 27; Receptor for EDA isoform A2, but not for EDA isoform A1. Mediates the activation of the NF-kappa-B and JNK pathways. Activation seems to be mediated by binding to TRAF3 and TRAF6; Tumor necrosis factor receptor superfamily
... A31: WFDC2 | B31: WFDC2 | C31: WAP four-disulfide core domain protein 2; Broad range protease inhibitor; WAP four-disulfide core domain containing

Sheet SI Table 9Mortalty Proteins Enr
A1: #term ID | B1: term description | C1: observed gene count | D1: background gene count | E1: strength | F1: false discovery rate | G1: matching proteins in your network (labels)
A2: PMID:34096334 | B2: (2021) Plasma Protein Profile of Incident Myocardial Infarction, Ischemic Stroke, and Heart Failure in 2 Cohorts. | C2: 6 | D2: 31 | E2: 2.1 | F2: 6.91e-05 | G2: HGF,GDF15,REN,HAVCR1,NPPB,MMP12
A3: PMID:33781199 | B3: (2021) The associations between red cell distribution width and plasma proteins in a general population. | C3: 7 | D3: 88 | E3: 1.71 | F3: 0.00019 | G3: HGF,GDF15,REN,HAVCR1,AGER,NPPB,MMP12
A4: PMID:33403810 | B4: (2021) Plasma proteoglycan prolargin in diagnosis and differentiation of pulmonary arterial hypertension. | C4: 7 | D4: 96 | E4: 1.68 | F4: 0.00023 | G4: GDF15,ITGAV,EGFR,HAVCR1,SFTPD,MMP12,CXCL17
A5: PMID:31981948 | B5: (2020) The plasma protein profile and cardiovascular risk differ between intima-media thickness of the common carotid artery and the bulb: A meta-analysis and a longitudinal evaluation. | C5: 4 | D5: 4 | E5: 2.81 | F5: 0.00032 | G5: HGF,GDF15,REN,MMP12
A6: PMID:31652396 | B6: (2020) Multiplex screening of 275 plasma protein biomarkers to identify a signature for early detection of colorectal cancer. | C6: 5 | D6: 22 | E6: 2.17 | F6: 0.00038 | G6: CEACAM5,GDF15,ITGAV,KRT19,AREG
A7: PMID:31060085 | B7: (2019) Acute Respiratory Distress Syndrome Phenotypes. | C7: 5 | D7: 22 | E7: 2.17 | F7: 0.00038 | G7: REN,EGFR,ANGPT2,SFTPD,AGER
A8: PMID:21626329 | B8: (2011) The influence of intracellular epidermal growth factor receptor (EGFR) signal activation on the outcome of EGFR tyrosine kinase inhibitor treatment for pulmonary adenocarcinoma. | C8: 4 | D8: 5 | E8: 2.72 | F8: 0.00038 | G8: CEACAM5,HGF,EGFR,KRT19
A9: PMID:33762603 | B9: (2021) Methodological considerations for identifying multiple plasma proteins associated with all-cause mortality in a population-based prospective cohort. | C9: 5 | D9: 25 | E9: 2.12 | F9: 0.00042 | G9: GDF15,EGFR,WFDC2,AREG,MMP12
A10: PMID:34830751 | B10: (2021) The Protein Landscape of Mucinous Ovarian Cancer: Towards a Theranostic. | C10: 5 | D10: 25 | E10: 2.12 | F10: 0.00042 | G10: CEACAM5,REN,EGFR,GP2,PTPRN2
A11: PMID:34878969 | B11: (2022) Alveolar, Endothelial, and Organ Injury Marker Dynamics in Severe COVID-19. | C11: 5 | D11: 27 | E11: 2.08 | F11: 0.00047 | G11: REN,ANGPT2,HAVCR1,SFTPD,AGER
A12: PMID:19896103 | B12: (2009) Intrahepatic cholangiocarcinoma progression: prognostic factors and basic mechanisms. | C12: 5 | D12: 28 | E12: 2.07 | F12: 0.0005 | G12: CEACAM5,HGF,EGFR,KRT19,AREG
A13: PMID:12837037 | B13: (2003) HGF-, EGF-, and dexamethasone-induced gene expression patterns during formation of tissue in hepatic organoid cultures. | C13: 6 | D13: 76 | E13: 1.71 | F13: 0.00083 | G13: HGF,ANGPT2,BCAN,KRT19,AREG,MMP12
... A2732: PMID:19350108 | B2732: (2009) Serine proteases, inhibitors and receptors in renal fibrosis. | C2732: 3 | D2732: 38 | E2732: 1.71 | F2732: 0.0499 | G2732: HGF,REN,MMP12

Sheet SI Table 10 Olink Assays
A1: OlinkID | B1: Assay | C1: UniProt | D1: Panel
A2: OID20049 | B2: NPPB | C2: P16860 | D2: Cardiometabolic
A3: OID20050 | B3: TNNI3 | C3: P19429 | D3: Cardiometabolic
A4: OID20051 | B4: HNRNPK | C4: P61978 | D4: Cardiometabolic
A5: OID20052 | B5: CEBPB | C5: P17676 | D5: Cardiometabolic
A6: OID20053 | B6: VIM | C6: P08670 | D6: Cardiometabolic
A7: OID20054 | B7: CHEK2 | C7: O96017 | D7: Cardiometabolic
A8: OID20055 | B8: CRHR1 | C8: P34998 | D8: Cardiometabolic
A9: OID20056 | B9: TSLP | C9: Q969D9 | D9: Cardiometabolic
A10: OID20057 | B10: MFAP3 | C10: P55082 | D10: Cardiometabolic
A11: OID20058 | B11: TCL1B | C11: O95988 | D11: Cardiometabolic
A12: OID20059 | B12: DUOX2 | C12: Q9NRD8 | D12: Cardiometabolic
... A2942: OID31526 | B2942: RBP7 | C2942: Q96R05 | D2942: Oncology_II
